Workbook

Sheet Cover
O2: Case Authors
B9: Senioritis | O9: David Brown
B11: Case Information | N11: MECC Jobs
B12: This case originally appeared as a part of the MECC Individual Finals in December 2025. The case invites you to tackle the Sudoku Grand Prix by building a Sudoku-solving spreadsheet, using insights from Spreadsheet City’s 20 Excel-themed newspapers to boost your puzzle-solving and Excel Esports prowess. The case uses the same scoring as the original competition version, but answers are included so you can check your work. | N12: MECC sponsors such as Siemens, New York Life, Alvarez & Marsal, and BDO have all hired MECC participants. Will you be next?
N14: Earn MECC Badges
N15: Live participation in Weekend Battles counts towards earning the Excel Athlete Badge. Complete more challenges to earn the badge to post on LinkedIn!
XX1000: 107015

Sheet Case
B2: Microsoft Excel Collegiate Challenge 2025
B4: I do my Sudokus twenty at a time! | K4: Case Author
K13: David Brown
B15: Instructions
B16: While you are all-in for Excel Esports, you also like to keep your eye out for similar competitions, and you just stumbled on to the World Puzzle Federation's Sudoku Grand Prix.
B17: You've done a few Sudoku puzzles from time to time, but luckily for you, you subscribe to the 20 most popular Excel-themed newspapers of Spreadsheet City. Ah, the golden age of spreadsheets!
B18: Now, you can do your Sudokus 20 at a time, with a little bit of help from your favorite software.
B19: Use all your Excel skills to build a Sudoku-solving spreadsheet, and prepare to conquer the Excel Esports and Sudoku worlds at the same time!
B20: Don't forget to peruse the newspapers for handy Excel tips (not specific to this case!) and tidbits from your favorite Excel MVPs!
B23: Bonus Questions
B25: To make the game more exciting, we have created 5 bonus questions for you. The questions can all be solved independently of the Levels.
B27: Game # | C27: Relates to Level # | D27: Points | E27: Answer | G27: Question
B28: Bonus 1 | C28: N/A | D28: 50 | F28: =IF(ISBLANK(E28),0,IF(E28=Answers!E28,1,-1)) -> 0 | G28: Each Puzzle is labeled as Easy, Medium, or Hard. Assuming Easy Puzzles are worth 5 points, Medium Puzzles are worth 7 points, and Hard Puzzles are worth 11 points, how many points would you earn by solving all 20 Puzzles? Exclude the example, i.e., Newspaper 0 (tab N0).
B29: Bonus 2 | C29: N/A | D29: 50 | F29: =IF(ISBLANK(E29),0,IF(E29=Answers!E29,1,-1)) -> 0 | G29: Which Author is most prolific, i.e., has been credited as the Author of the most articles across all 20 Newspapers? Only give the name, i.e., if "By Oz du Soleil (MVP)" appeared most often your answer would be "Oz du Soleil". Exclude the example, i.e., Newspaper 0 (tab N0).
B30: Bonus 3 | C30: N/A | D30: 50 | F30: =IF(ISBLANK(E30),0,IF(E30=Answers!E30,1,-1)) -> 0 | G30: In the Puzzle Names, what is the product of the count of the number of upper case letters and the count of the number of lower case letters? Do not include Easy / Medium / Hard designations. Exclude the example, i.e., Newspaper 0 (tab N0).
B31: Bonus 4 | C31: N/A | D31: 50 | F31: =IF(ISBLANK(E31),0,IF(E31=Answers!E31,1,-1)) -> 0 | G31: What is the sum of all the provided numbers in all 20 Sudoku Puzzles? Exclude the example, i.e., Newspaper 0 (tab N0).
B32: Bonus 5 | C32: N/A | D32: 50 | F32: =IF(ISBLANK(E32),0,IF(E32=Answers!E32,1,-1)) -> 0 | G32: What is the score of the Newspaper with the highest scoring Name? Names are scored based on the letter value (a=1, b=2, etc.) added together. Letters are scored regardless of case. Exclude the example, i.e., Newspaper 0 (tab N0).
B34: Levels
B36: Level 1 | C36: Medium
B38: What is the Name of each Sudoku Puzzle?
B39: Puzzle Names are the Puzzle Titles with the difficulty suffix and trailing spaces removed.
B40: The Puzzle Titles can only be in cells B7, K7, T7, B23, K23, and T23, and the Puzzle Titles have been centered on each Newspaper using Center Across Selection.
B42: Example1: Cell K23 on the tab "N0" (the example) contains "Kickoff Grid — Easy". Removing the difficulty suffix and trailing spaces gives the answer, "Kickoff Grid".
B44: Answer Hints:
B45: Game 1's answer starts with S.
B46: Game 2's answer starts with P.
B47: Game 3's answer starts with V.
B49: Game # | C49: Level | D49: Points | E49: Answer | G49: Cell Location | H49: Newspaper
B51: Example1 | C51: 1 | D51: 0 | E51: Kickoff Grid | F51: =IF(ISBLANK(E51),0,IF(E51=Answers!E51,1,-1)) -> 1 | G51: K23 | H51: N0
B53: 1 | C53: 1 | D53: 5 | F53: =IF(ISBLANK(E53),0,IF(E53=Answers!E53,1,-1)) -> 0 | G53: B7 | H53: N1
B54: 2 | C54: 1 | D54: 5 | F54: =IF(ISBLANK(E54),0,IF(E54=Answers!E54,1,-1)) -> 0 | G54: K7 | H54: N2
B55: 3 | C55: 1 | D55: 5 | F55: =IF(ISBLANK(E55),0,IF(E55=Answers!E55,1,-1)) -> 0 | G55: T7 | H55: N3
B56: 4 | C56: 1 | D56: 5 | F56: =IF(ISBLANK(E56),0,IF(E56=Answers!E56,1,-1)) -> 0 | G56: B23 | H56: N4
B57: 5 | C57: 1 | D57: 5 | F57: =IF(ISBLANK(E57),0,IF(E57=Answers!E57,1,-1)) -> 0 | G57: K23 | H57: N5
B58: 6 | C58: 1 | D58: 5 | F58: =IF(ISBLANK(E58),0,IF(E58=Answers!E58,1,-1)) -> 0 | G58: T23 | H58: N6
B59: 7 | C59: 1 | D59: 5 | F59: =IF(ISBLANK(E59),0,IF(E59=Answers!E59,1,-1)) -> 0 | G59: B7 | H59: N7
B60: 8 | C60: 1 | D60: 5 | F60: =IF(ISBLANK(E60),0,IF(E60=Answers!E60,1,-1)) -> 0 | G60: K7 | H60: N8
B61: 9 | C61: 1 | D61: 5 | F61: =IF(ISBLANK(E61),0,IF(E61=Answers!E61,1,-1)) -> 0 | G61: T7 | H61: N9
B62: 10 | C62: 1 | D62: 5 | F62: =IF(ISBLANK(E62),0,IF(E62=Answers!E62,1,-1)) -> 0 | G62: B23 | H62: N10
B63: 11 | C63: 1 | D63: 5 | F63: =IF(ISBLANK(E63),0,IF(E63=Answers!E63,1,-1)) -> 0 | G63: K23 | H63: N11
B64: 12 | C64: 1 | D64: 5 | F64: =IF(ISBLANK(E64),0,IF(E64=Answers!E64,1,-1)) -> 0 | G64: T23 | H64: N12
... B72: 20 | C72: 1 | D72: 5 | F72: =IF(ISBLANK(E72),0,IF(E72=Answers!E72,1,-1)) -> 0 | G72: K7 | H72: N20
B74: Level 2 | C74: Medium
B76: What number is in the given Square (location) of the Sudoku Puzzle in the given Newpaper?
B77: Locations are specific relative to the top-left corner of the Sudoku Puzzle and are given in R1C1 format.
B78: The Rows and Columns are relative to the top-left corner of the Puzzle, so range from 1 to 9, regardless of where the Puzzle is located in the Newspaper.
B79: Note that the given Newspapers and Squares are chosen so there are no blank answers.
B81: Example2: R1C9 is the first row and ninth column of the puzzle that starts in cell K25 on the Newspaper 0 tab.
B82: The last (ninth) square in the first row contains the number 6.
B84: Answer Hints:
B85: Game 21's answer is odd.
B86: Game 22's answer is odd.
B87: Game 23's answer is odd.
B89: Game # | C89: Level | D89: Points | E89: Answer | G89: Newspaper | H89: Square
B91: Example2 | C91: 2 | D91: 0 | E91: 6 | F91: =IF(ISBLANK(E91),0,IF(E91=Answers!E91,1,-1)) -> 1 | G91: N0 | H91: R1C9
B93: 21 | C93: 2 | D93: 5 | F93: =IF(ISBLANK(E93),0,IF(E93=Answers!E93,1,-1)) -> 0 | G93: N1 | H93: R8C9
B94: 22 | C94: 2 | D94: 5 | F94: =IF(ISBLANK(E94),0,IF(E94=Answers!E94,1,-1)) -> 0 | G94: N2 | H94: R8C1
B95: 23 | C95: 2 | D95: 5 | F95: =IF(ISBLANK(E95),0,IF(E95=Answers!E95,1,-1)) -> 0 | G95: N3 | H95: R9C3
B96: 24 | C96: 2 | D96: 5 | F96: =IF(ISBLANK(E96),0,IF(E96=Answers!E96,1,-1)) -> 0 | G96: N4 | H96: R3C7
B97: 25 | C97: 2 | D97: 5 | F97: =IF(ISBLANK(E97),0,IF(E97=Answers!E97,1,-1)) -> 0 | G97: N5 | H97: R7C2
B98: 26 | C98: 2 | D98: 5 | F98: =IF(ISBLANK(E98),0,IF(E98=Answers!E98,1,-1)) -> 0 | G98: N6 | H98: R4C6
B99: 27 | C99: 2 | D99: 5 | F99: =IF(ISBLANK(E99),0,IF(E99=Answers!E99,1,-1)) -> 0 | G99: N7 | H99: R2C8
B100: 28 | C100: 2 | D100: 5 | F100: =IF(ISBLANK(E100),0,IF(E100=Answers!E100,1,-1)) -> 0 | G100: N8 | H100: R1C8
B101: 29 | C101: 2 | D101: 5 | F101: =IF(ISBLANK(E101),0,IF(E101=Answers!E101,1,-1)) -> 0 | G101: N9 | H101: R4C1
B102: 30 | C102: 2 | D102: 5 | F102: =IF(ISBLANK(E102),0,IF(E102=Answers!E102,1,-1)) -> 0 | G102: N10 | H102: R5C3
B103: 31 | C103: 2 | D103: 5 | F103: =IF(ISBLANK(E103),0,IF(E103=Answers!E103,1,-1)) -> 0 | G103: N11 | H103: R1C4
B104: 32 | C104: 2 | D104: 5 | F104: =IF(ISBLANK(E104),0,IF(E104=Answers!E104,1,-1)) -> 0 | G104: N12 | H104: R6C8
... B112: 40 | C112: 2 | D112: 5 | F112: =IF(ISBLANK(E112),0,IF(E112=Answers!E112,1,-1)) -> 0 | G112: N20 | H112: R7C1
B114: Level 3 | C114: Medium
B116: What is the sum of the numbers in the given Column of the Sudoku Puzzle in the given Newspaper?
B118: Example3: The values in the first column (C1) of the Sudoku puzzle in Newspaper 0 are (from top to bottom): 2, 7, 5, 1, blank, 4, 8, blank , 3.
B119: Summing the values, 2 + 7 + 5 + 1 + 4 + 8 + 3 = 30.
B121: Answer Hints:
B122: Game 41's answer is between 20 and 30.
B123: Game 42's answer is between 20 and 30.
B124: Game 43's answer is between 10 and 20.
B126: Game # | C126: Level | D126: Points | E126: Answer | G126: Newspaper | H126: Column
B128: Example3 | C128: 3 | D128: 0 | E128: 30 | F128: =IF(ISBLANK(E128),0,IF(E128=Answers!E128,1,-1)) -> 1 | G128: N0 | H128: C1
B130: 41 | C130: 3 | D130: 6 | F130: =IF(ISBLANK(E130),0,IF(E130=Answers!E130,1,-1)) -> 0 | G130: N1 | H130: C5
B131: 42 | C131: 3 | D131: 6 | F131: =IF(ISBLANK(E131),0,IF(E131=Answers!E131,1,-1)) -> 0 | G131: N2 | H131: C9
B132: 43 | C132: 3 | D132: 6 | F132: =IF(ISBLANK(E132),0,IF(E132=Answers!E132,1,-1)) -> 0 | G132: N3 | H132: C3
B133: 44 | C133: 3 | D133: 6 | F133: =IF(ISBLANK(E133),0,IF(E133=Answers!E133,1,-1)) -> 0 | G133: N4 | H133: C2
B134: 45 | C134: 3 | D134: 6 | F134: =IF(ISBLANK(E134),0,IF(E134=Answers!E134,1,-1)) -> 0 | G134: N5 | H134: C1
B135: 46 | C135: 3 | D135: 6 | F135: =IF(ISBLANK(E135),0,IF(E135=Answers!E135,1,-1)) -> 0 | G135: N6 | H135: C7
B136: 47 | C136: 3 | D136: 6 | F136: =IF(ISBLANK(E136),0,IF(E136=Answers!E136,1,-1)) -> 0 | G136: N7 | H136: C5
B137: 48 | C137: 3 | D137: 6 | F137: =IF(ISBLANK(E137),0,IF(E137=Answers!E137,1,-1)) -> 0 | G137: N8 | H137: C4
B138: 49 | C138: 3 | D138: 6 | F138: =IF(ISBLANK(E138),0,IF(E138=Answers!E138,1,-1)) -> 0 | G138: N9 | H138: C6
B139: 50 | C139: 3 | D139: 6 | F139: =IF(ISBLANK(E139),0,IF(E139=Answers!E139,1,-1)) -> 0 | G139: N10 | H139: C9
B140: 51 | C140: 3 | D140: 6 | F140: =IF(ISBLANK(E140),0,IF(E140=Answers!E140,1,-1)) -> 0 | G140: N11 | H140: C8
B141: 52 | C141: 3 | D141: 6 | F141: =IF(ISBLANK(E141),0,IF(E141=Answers!E141,1,-1)) -> 0 | G141: N12 | H141: C3
... B149: 60 | C149: 3 | D149: 6 | F149: =IF(ISBLANK(E149),0,IF(E149=Answers!E149,1,-1)) -> 0 | G149: N20 | H149: C3
B151: Level 4 | C151: Medium Hard
B153: For the Sudoku puzzle in the given Newspaper, what is the sum of the numbers in the same 3x3 Sub-Puzzle that the given Square is in?
B154: See the Definitions tab for an example of a 3x3 Sub-Puzzle. Note that each 3x3 Sub-Puzzle, when completed, will contain the numbers 1 through 9.
B156: Example4: The Square R7C9 is in the bottom-right 3x3 Sub-Puzzle, which for the Sudoku in Newspaper 0, contains the numbers 2, 4, 7, and 9. 2 + 4 + 7 + 9 = 22.
B158: Answer Hints:
B159: Game 61's answer is between 20 and 30.
B160: Game 62's answer is between 10 and 20.
B161: Game 63's answer is between 30 and 40.
B163: Game # | C163: Level | D163: Points | E163: Answer | G163: Newspaper | H163: Square
...

Sheet Answers
B2: Microsoft Excel Collegiate Challenge 2025
B4: I do my Sudokus twenty at a time! | K4: Case Author
K13: David Brown
B15: Instructions
B16: While you are all-in for Excel Esports, you also like to keep your eye out for similar competitions, and you just stumbled on to the World Puzzle Federation's Sudoku Grand Prix.
B17: You've done a few Sudoku puzzles from time to time, but luckily for you, you subscribe to the 20 most popular Excel-themed newspapers of Spreadsheet City. Ah, the golden age of spreadsheets!
B18: Now, you can do your Sudokus 20 at a time, with a little bit of help from your favorite software.
B19: Use all your Excel skills to build a Sudoku-solving spreadsheet, and prepare to conquer the Excel Esports and Sudoku worlds at the same time!
B20: Don't forget to peruse the newspapers for handy Excel tips (not specific to this case!) and tidbits from your favorite Excel MVPs!
B23: Bonus Questions
B25: To make the game more exciting, we have created 5 bonus questions for you. The questions can all be solved independently of the Levels.
B27: Game # | C27: Relates to Level # | D27: Points | E27: Answer | G27: Question
B28: Bonus 1 | C28: N/A | D28: 50 | E28: 130 | G28: Each Puzzle is labeled as Easy, Medium, or Hard. Assuming Easy Puzzles are worth 5 points, Medium Puzzles are worth 7 points, and Hard Puzzles are worth 11 points, how many points would you earn by solving all 20 Puzzles? Exclude the example, i.e., Newspaper 0 (tab N0).
B29: Bonus 2 | C29: N/A | D29: 50 | E29: Chris Webb | G29: Which Author is most prolific, i.e., has been credited as the Author of the most articles across all 20 Newspapers? Only give the name, i.e., if "By Oz du Soleil (MVP)" appeared most often your answer would be "Oz du Soleil". Exclude the example, i.e., Newspaper 0 (tab N0).
B30: Bonus 3 | C30: N/A | D30: 50 | E30: 15860 | G30: In the Puzzle Names, what is the product of the count of the number of upper case letters and the count of the number of lower case letters? Do not include Easy / Medium / Hard designations. Exclude the example, i.e., Newspaper 0 (tab N0).
B31: Bonus 4 | C31: N/A | D31: 50 | E31: 4149 | G31: What is the sum of all the provided numbers in all 20 Sudoku Puzzles? Exclude the example, i.e., Newspaper 0 (tab N0).
B32: Bonus 5 | C32: N/A | D32: 50 | E32: 233 | G32: What is the score of the Newspaper with the highest scoring Name? Names are scored based on the letter value (a=1, b=2, etc.) added together. Letters are scored regardless of case. Exclude the example, i.e., Newspaper 0 (tab N0).
B34: Levels
B36: Level 1 | C36: Medium
B38: What is the Name of each Sudoku Puzzle?
B39: Puzzle Names are the Puzzle Titles with the difficulty suffix and trailing spaces removed.
B40: The Puzzle Titles can only be in cells B7, K7, T7, B23, K23, and T23, and the Puzzle Titles have been centered on each Newspaper using Center Across Selection.
B42: Example1: Cell K23 on the tab "N0" (the example) contains "Kickoff Grid — Easy". Removing the difficulty suffix and trailing spaces gives the answer, "Kickoff Grid".
B44: Answer Hints:
B45: Game 1's answer starts with S.
B46: Game 2's answer starts with P.
B47: Game 3's answer starts with V.
B49: Game # | C49: Level | D49: Points | E49: Answer | G49: Cell Location | H49: Newspaper
B51: Example1 | C51: 1 | D51: 0 | E51: Kickoff Grid | G51: K23 | H51: N0
B53: 1 | C53: 1 | D53: 5 | E53: Sum-doku | G53: B7 | H53: N1
B54: 2 | C54: 1 | D54: 5 | E54: Pivot Puzzle | G54: K7 | H54: N2
B55: 3 | C55: 1 | D55: 5 | E55: VLOOKUP Voyage | G55: T7 | H55: N3
B56: 4 | C56: 1 | D56: 5 | E56: INDEX & MATCH-Up | G56: B23 | H56: N4
B57: 5 | C57: 1 | D57: 5 | E57: Conditional Formatting Grid | G57: K23 | H57: N5
B58: 6 | C58: 1 | D58: 5 | E58: Absolute Reference Riddle | G58: T23 | H58: N6
B59: 7 | C59: 1 | D59: 5 | E59: Dynamic Array Dilemma | G59: B7 | H59: N7
B60: 8 | C60: 1 | D60: 5 | E60: Spill Zone Sudoku | G60: K7 | H60: N8
B61: 9 | C61: 1 | D61: 5 | E61: Data Validation Vault | G61: T7 | H61: N9
B62: 10 | C62: 1 | D62: 5 | E62: Goal Seek Grid | G62: B23 | H62: N10
B63: 11 | C63: 1 | D63: 5 | E63: Solver’s Sudoku | G63: K23 | H63: N11
B64: 12 | C64: 1 | D64: 5 | E64: Freeze Panes Frenzy | G64: T23 | H64: N12
... B72: 20 | C72: 1 | D72: 5 | E72: Calculated Column Conundrum | G72: K7 | H72: N20
B74: Level 2 | C74: Medium
B76: What number is in the given Square (location) of the Sudoku Puzzle in the given Newpaper?
B77: Locations are specific relative to the top-left corner of the Sudoku Puzzle and are given in R1C1 format.
B78: The Rows and Columns are relative to the top-left corner of the Puzzle, so range from 1 to 9, regardless of where the Puzzle is located in the Newspaper.
B79: Note that the given Newspapers and Squares are chosen so there are no blank answers.
B81: Example2: R1C9 is the first row and ninth column of the puzzle that starts in cell K25 on the Newspaper 0 tab.
B82: The last (ninth) square in the first row contains the number 6.
B84: Answer Hints:
B85: Game 21's answer is odd.
B86: Game 22's answer is odd.
B87: Game 23's answer is odd.
B89: Game # | C89: Level | D89: Points | E89: Answer | G89: Newspaper | H89: Square
B91: Example2 | C91: 2 | D91: 0 | E91: 6 | G91: N0 | H91: R1C9
B93: 21 | C93: 2 | D93: 5 | E93: 7 | G93: N1 | H93: R8C9
B94: 22 | C94: 2 | D94: 5 | E94: 3 | G94: N2 | H94: R8C1
B95: 23 | C95: 2 | D95: 5 | E95: 5 | G95: N3 | H95: R9C3
B96: 24 | C96: 2 | D96: 5 | E96: 7 | G96: N4 | H96: R3C7
B97: 25 | C97: 2 | D97: 5 | E97: 5 | G97: N5 | H97: R7C2
B98: 26 | C98: 2 | D98: 5 | E98: 3 | G98: N6 | H98: R4C6
B99: 27 | C99: 2 | D99: 5 | E99: 1 | G99: N7 | H99: R2C8
B100: 28 | C100: 2 | D100: 5 | E100: 4 | G100: N8 | H100: R1C8
B101: 29 | C101: 2 | D101: 5 | E101: 5 | G101: N9 | H101: R4C1
B102: 30 | C102: 2 | D102: 5 | E102: 5 | G102: N10 | H102: R5C3
B103: 31 | C103: 2 | D103: 5 | E103: 6 | G103: N11 | H103: R1C4
B104: 32 | C104: 2 | D104: 5 | E104: 4 | G104: N12 | H104: R6C8
... B112: 40 | C112: 2 | D112: 5 | E112: 3 | G112: N20 | H112: R7C1
B114: Level 3 | C114: Medium
B116: What is the sum of the numbers in the given Column of the Sudoku Puzzle in the given Newspaper?
B118: Example3: The values in the first column (C1) of the Sudoku puzzle in Newspaper 0 are (from top to bottom): 2, 7, 5, 1, blank, 4, 8, blank , 3.
B119: Summing the values, 2 + 7 + 5 + 1 + 4 + 8 + 3 = 30.
B121: Answer Hints:
B122: Game 41's answer is between 20 and 30.
B123: Game 42's answer is between 20 and 30.
B124: Game 43's answer is between 10 and 20.
B126: Game # | C126: Level | D126: Points | E126: Answer | G126: Newspaper | H126: Column
B128: Example3 | C128: 3 | D128: 0 | E128: 30 | G128: N0 | H128: C1
B130: 41 | C130: 3 | D130: 6 | E130: 26 | G130: N1 | H130: C5
B131: 42 | C131: 3 | D131: 6 | E131: 24 | G131: N2 | H131: C9
B132: 43 | C132: 3 | D132: 6 | E132: 17 | G132: N3 | H132: C3
B133: 44 | C133: 3 | D133: 6 | E133: 29 | G133: N4 | H133: C2
B134: 45 | C134: 3 | D134: 6 | E134: 8 | G134: N5 | H134: C1
B135: 46 | C135: 3 | D135: 6 | E135: 30 | G135: N6 | H135: C7
B136: 47 | C136: 3 | D136: 6 | E136: 26 | G136: N7 | H136: C5
B137: 48 | C137: 3 | D137: 6 | E137: 15 | G137: N8 | H137: C4
B138: 49 | C138: 3 | D138: 6 | E138: 24 | G138: N9 | H138: C6
B139: 50 | C139: 3 | D139: 6 | E139: 14 | G139: N10 | H139: C9
B140: 51 | C140: 3 | D140: 6 | E140: 21 | G140: N11 | H140: C8
B141: 52 | C141: 3 | D141: 6 | E141: 16 | G141: N12 | H141: C3
... B149: 60 | C149: 3 | D149: 6 | E149: 17 | G149: N20 | H149: C3
B151: Level 4 | C151: Medium Hard
B153: For the Sudoku puzzle in the given Newspaper, what is the sum of the numbers in the same 3x3 Sub-Puzzle that the given Square is in?
B154: See the Definitions tab for an example of a 3x3 Sub-Puzzle. Note that each 3x3 Sub-Puzzle, when completed, will contain the numbers 1 through 9.
B156: Example4: The Square R7C9 is in the bottom-right 3x3 Sub-Puzzle, which for the Sudoku in Newspaper 0, contains the numbers 2, 4, 7, and 9. 2 + 4 + 7 + 9 = 22.
B158: Answer Hints:
B159: Game 61's answer is between 20 and 30.
B160: Game 62's answer is between 10 and 20.
B161: Game 63's answer is between 30 and 40.
B163: Game # | C163: Level | D163: Points | E163: Answer | G163: Newspaper | H163: Square
...

Sheet Definitions
B2: Sudoku Puzzle Name Definitions and Descriptions
B5: Title / Name | L5: Puzzle
B6: Sudoku puzzles' Titles are in the left-most cell of the highlighted | L6: Puzzles' top-left corners are always two rows down from the puzzle
B7: region, and Center Across Selection is used for centering. Titles are | L7: Title.
B8: located in cells B7, K7, T7, B23, K23, and T23 across Issues (tabs).
B9: The Puzzle Name is the Title without the difficulty suffix.
B10: Example Title: Kickoff Grid — Easy
B11: Example Name: Kickoff Grid
B13: Kickoff Grid — Easy | L13: Kickoff Grid — Easy
B14: Fill the 9×9 grid so each row, column, and 3×3 box contains 1–9. | L14: Fill the 9×9 grid so each row, column, and 3×3 box contains 1–9.
B15: 2 | D15: 4 | F15: 7 | G15: 5 | J15: 6 | L15: 2 | N15: 4 | P15: 7 | Q15: 5 | T15: 6
B16: 7 | D16: 8 | F16: 6 | G16: 9 | H16: 4 | I16: 5 | J16: 2 | L16: 7 | N16: 8 | P16: 6 | Q16: 9 | R16: 4 | S16: 5 | T16: 2
B17: 5 | E17: 3 | G17: 4 | I17: 1 | J17: 8 | L17: 5 | O17: 3 | Q17: 4 | S17: 1 | T17: 8
B18: 1 | E18: 4 | G18: 2 | I18: 6 | J18: 7 | L18: 1 | O18: 4 | Q18: 2 | S18: 6 | T18: 7
D19: 7 | E19: 6 | F19: 3 | G19: 1 | H19: 8 | I19: 2 | N19: 7 | O19: 6 | P19: 3 | Q19: 1 | R19: 8 | S19: 2
B20: 4 | H20: 1 | I20: 9 | J20: 3 | L20: 4 | R20: 1 | S20: 9 | T20: 3
B21: 8 | D21: 1 | I21: 4 | J21: 9 | L21: 8 | N21: 1 | S21: 4 | T21: 9
C22: 4 | D22: 2 | E22: 9 | G22: 8 | I22: 7 | M22: 4 | N22: 2 | O22: 9 | Q22: 8 | S22: 7
B23: 3 | G23: 6 | H23: 2 | L23: 3 | Q23: 6 | R23: 2
B26: Square | L26: Row
B27: Squares are one cell within the 9x9 Puzzle grid. Square locations are | L27: Rows are identified in R1 style or can be identified as the row
B28: given in R1C1 style, as the references are always made within the | L28: containing a given Square.
B29: Puzzle and not to the broader Issue (tab) the Puzzle is located in. | L29: Example: the blue highlighted Row is R5.
B30: Example: the blue highlighted Square is R5C6.
B32: Kickoff Grid — Easy | L32: Kickoff Grid — Easy
B33: Fill the 9×9 grid so each row, column, and 3×3 box contains 1–9. | L33: Fill the 9×9 grid so each row, column, and 3×3 box contains 1–9.
B34: 2 | D34: 4 | F34: 7 | G34: 5 | J34: 6 | L34: 2 | N34: 4 | P34: 7 | Q34: 5 | T34: 6
B35: 7 | D35: 8 | F35: 6 | G35: 9 | H35: 4 | I35: 5 | J35: 2 | L35: 7 | N35: 8 | P35: 6 | Q35: 9 | R35: 4 | S35: 5 | T35: 2
B36: 5 | E36: 3 | G36: 4 | I36: 1 | J36: 8 | L36: 5 | O36: 3 | Q36: 4 | S36: 1 | T36: 8
B37: 1 | E37: 4 | G37: 2 | I37: 6 | J37: 7 | L37: 1 | O37: 4 | Q37: 2 | S37: 6 | T37: 7
D38: 7 | E38: 6 | F38: 3 | G38: 1 | H38: 8 | I38: 2 | N38: 7 | O38: 6 | P38: 3 | Q38: 1 | R38: 8 | S38: 2
B39: 4 | H39: 1 | I39: 9 | J39: 3 | L39: 4 | R39: 1 | S39: 9 | T39: 3
B40: 8 | D40: 1 | I40: 4 | J40: 9 | L40: 8 | N40: 1 | S40: 4 | T40: 9
C41: 4 | D41: 2 | E41: 9 | G41: 8 | I41: 7 | M41: 4 | N41: 2 | O41: 9 | Q41: 8 | S41: 7
B42: 3 | G42: 6 | H42: 2 | L42: 3 | Q42: 6 | R42: 2
B45: Column | L45: 3x3 Sub-Puzzle
B46: Columns are identified in C1 style or can be identified as the column | L46: 3x3 Sub-Puzzles are identified by any of the Squares contained within
B47: containing a given Square. | L47: them. Sub-Puzzles can also be referred to using top, middle, and
B48: Example: the blue highlighted Column is C6. | L48: bottom combined with left, middle and right, e.g. top-left.
L49: Note that 3x3 Sub-Puzzles top-left corners can only be in R1C1, R4C1,
L50: R7C1, R1C4, R4C4, R7C4, R1C7, R4C7, or R7C7. The cross-hatched 3x3
L51: area starting in R6C6 is not a valid 3x3 Sub-Puzzle.
L52: Example: the blue highlighted 3x3 Sub-Puzzle is middle-middle and can
L53: be referred to as containing R4C4, R4C5, R4C6, R5C4, R5C5, R5C6, R6C4,
L54: R6C5, and R6C6.
B56: Kickoff Grid — Easy | L56: Kickoff Grid — Easy
B57: Fill the 9×9 grid so each row, column, and 3×3 box contains 1–9. | L57: Fill the 9×9 grid so each row, column, and 3×3 box contains 1–9.
B58: 2 | D58: 4 | F58: 7 | G58: 5 | J58: 6 | L58: 2 | N58: 4 | P58: 7 | Q58: 5 | T58: 6
B59: 7 | D59: 8 | F59: 6 | G59: 9 | H59: 4 | I59: 5 | J59: 2 | L59: 7 | N59: 8 | P59: 6 | Q59: 9 | R59: 4 | S59: 5 | T59: 2
B60: 5 | E60: 3 | G60: 4 | I60: 1 | J60: 8 | L60: 5 | O60: 3 | Q60: 4 | S60: 1 | T60: 8
B61: 1 | E61: 4 | G61: 2 | I61: 6 | J61: 7 | L61: 1 | O61: 4 | Q61: 2 | S61: 6 | T61: 7
D62: 7 | E62: 6 | F62: 3 | G62: 1 | H62: 8 | I62: 2 | N62: 7 | O62: 6 | P62: 3 | Q62: 1 | R62: 8 | S62: 2
B63: 4 | H63: 1 | I63: 9 | J63: 3 | L63: 4 | R63: 1 | S63: 9 | T63: 3
B64: 8 | D64: 1 | I64: 4 | J64: 9 | L64: 8 | N64: 1 | S64: 4 | T64: 9
C65: 4 | D65: 2 | E65: 9 | G65: 8 | I65: 7 | M65: 4 | N65: 2 | O65: 9 | Q65: 8 | S65: 7
B66: 3 | G66: 6 | H66: 2 | L66: 3 | Q66: 6 | R66: 2
B68: Additional Hint:
B69: Be careful of excessive INDIRECT formulas, which may slow down your model. Consider using array functions, LET, or LAMBDA to limit the calculation demands.
XX1000: 107015

Sheet N1
B2: SPREADSHEET SPECIAL
B5: All the Excel that's fit to print — formulas, pivots, and puzzles
B6: Issue 679 | AB6: December 3, 2025 — Spreadsheet City
B7: Sum-doku — Easy | K7: Data Desk – Pivots & Power Query | T7: Automation Alley – VBA & Scripts
B8: Fill the 9×9 grid so each row, column, and 3×3 box contains 1–9. | K8: By Ingrid Halvorsen (MVP) | T8: By Oz du Soleil (MVP)
E9: 5 | F9: 9 | G9: 8 | J9: 6 | K9: POWER QUERY: REVOLUTIONIZING DATA TRANSFORMATION IN EXCEL In the bustling world of data management, Excel has long been a trusted companion for professionals across industries. Yet, as datasets grew larger and more complex, the need for a more efficient way to transform and analyze data became evident. Enter Power Query, a game-changing tool that revolutionized data transformation within Excel. Power Query emerged as a beacon of hope for analysts and business users alike. It offered a user-friendly interface that allowed individuals to import, clean, and reshape data without the need for complex coding. This democratization of data transformation empowered users to take control of their data workflows, reducing reliance on IT departments and accelerating decision-making processes. One of the most remarkable features of Power Query was its ability to automate repetitive tasks. Users could create queries that connected to various data sources—be it databases, web pages, or flat files—and apply a series of transformation steps. These queries could then be refreshed with a single click, ensuring that reports and dashboards always reflected the most current information. The impact of Power Query extended beyond mere convenience. It fostered a culture of data accuracy and consistency by minimizing manual errors during data preparation. Moreover, its integration with Excel meant that users could seamlessly combine transformed data with familiar analytical tools, enhancing productivity and insight generation. As organizations embraced Power Query, they witnessed a transformation in their data practices. Teams collaborated more effectively, sharing queries and standardizing data processes. The tool's versatility also encouraged experimentation, enabling users to explore new data perspectives and uncover hidden trends. In essence, Power Query did not just change how data was handled in Excel; it transformed the very approach to data analysis. By simplifying complex tasks and empowering users, it paved the way for smarter, faster, and more reliable decision-making in the digital age. | T9: TOP 10 VBA SCRIPTS EVERY ANALYST SHOULD KNOW In the bustling world of data analysis, efficiency is king. Analysts often find themselves buried under mountains of data, seeking ways to automate repetitive tasks and streamline their workflows. Enter VBA, the unsung hero of Excel automation. Among the myriad of scripts available, there are ten that every analyst should have in their toolkit. First on the list is the Data Cleaner script. It swiftly removes duplicates, trims spaces, and standardizes text, ensuring data integrity before analysis begins. Next, the Report Generator automates the creation of monthly or weekly reports, saving hours of manual formatting. The third script, Pivot Table Automator, dynamically creates and updates pivot tables based on changing datasets, allowing analysts to explore data from multiple angles effortlessly. Fourth is the Chart Builder, which crafts customized charts with a single click, turning raw numbers into compelling visuals. Fifth, the Email Dispatcher sends automated emails with attached reports, keeping stakeholders informed without lifting a finger. The sixth script, Error Handler, scans for common data errors and flags inconsistencies, preventing flawed analyses. Seventh is the Data Importer, which pulls data from various sources like CSV files or databases, consolidating information seamlessly. The eighth script, Macro Recorder Enhancer, refines recorded macros by optimizing code and adding flexibility. Ninth, the Conditional Formatter applies color coding based on specific criteria, making trends and outliers immediately visible. Finally, the Ticker Tracker monitors stock prices or other real-time data, updating dashboards automatically. Mastering these ten VBA scripts transforms an analyst from a data wrangler into a productivity powerhouse. With automation handling the mundane, analysts can focus on what truly matters: uncovering insights and driving informed decisions. In a world where time is money, these scripts are not just tools—they are game changers.
B10: 8 | D10: 9 | E10: 4 | I10: 3 | J10: 1
B11: 6 | E11: 3 | F11: 7 | I11: 5
B12: 3 | C12: 9 | D12: 1 | E12: 2 | H12: 6 | I12: 7 | J12: 4
E13: 9 | G13: 3 | H13: 8 | I13: 2 | J13: 5
C14: 2 | D14: 8 | E14: 7 | F14: 6 | H14: 1 | I14: 9 | J14: 3
B15: 2 | F15: 4 | G15: 7
H16: 4 | I16: 1 | J16: 7
E17: 8 | H17: 5
B18: Front Page – Functions & Features
B19: By Jeff Weir (MVP)
B20: TOP 10 EXCEL FEATURES EVERY USER SHOULD KNOW In the bustling world of data and numbers, Excel stands as a beacon for professionals and hobbyists alike. Its versatility and power make it an indispensable tool, but many users only scratch the surface of its capabilities. To truly harness Excel's potential, one must delve into its top features that can transform mundane tasks into efficient workflows. First on the list is the VLOOKUP function. This powerful tool allows users to search for a value in one column and return a corresponding value from another, making data comparison and retrieval seamless. Next, PivotTables offer a dynamic way to summarize large datasets, enabling users to analyze and visualize data trends effortlessly. Conditional Formatting is another gem, allowing cells to change appearance based on their values. This feature helps highlight important data points, making spreadsheets more intuitive and easier to interpret. The IF function introduces logical decision-making into spreadsheets, enabling users to perform different calculations based on specified conditions. Data Validation ensures data integrity by restricting the type of data that can be entered into a cell. This prevents errors and maintains consistency across datasets. The CONCATENATE function, or its modern counterpart CONCAT, helps combine text from multiple cells, streamlining data organization. Excel's ability to create Charts transforms raw numbers into visual stories, aiding in presentations and reports. The Freeze Panes feature keeps headers visible while scrolling through large datasets, enhancing navigation and readability. Lastly, the use of Keyboard Shortcuts can dramatically speed up workflow, allowing users to perform tasks without lifting their hands from the keyboard. Mastering these shortcuts can turn a novice into an Excel power user. Understanding and utilizing these top 10 features empowers users to work smarter, not harder. Excel is more than just a spreadsheet; it's a versatile platform that, when mastered, can unlock new levels of productivity and insight.
XX1000: 107015

Sheet N0
B2: THE GRID GAZETTE
B5: All the Excel that's fit to print — formulas, pivots, and puzzles
B6: ="Issue "&RANDBETWEEN(4,1000) -> Issue 177 | AB6: December 3, 2025 — Spreadsheet City
B7: Front Page – Functions & Features | K7: Data Desk – Pivots & Power Query | T7: Automation Alley – VBA & Scripts
B8: By Oz du Soleil (MVP) | K8: By Jeff Weir (MVP) | T8: By Bill Jelen – MrExcel (MVP)
B9: MASTERING EXCEL FUNCTIONS: BOOST YOUR PRODUCTIVITY TODAY In the bustling world of data and numbers, Excel stands as a powerful ally for professionals across industries. Yet, many users only scratch the surface of its capabilities, unaware of the transformative potential hidden within its functions. Mastering Excel functions can dramatically boost your productivity, turning tedious tasks into swift, automated processes. Meet Sarah, a financial analyst who once spent hours manually calculating monthly reports. Frustrated by the repetitive nature of her work, she decided to delve deeper into Excel’s functionalities. Her journey began with simple functions like SUM and AVERAGE, which already saved her precious time. Encouraged, she explored more complex functions such as VLOOKUP and IF statements, enabling her to cross-reference data and make logical decisions within her spreadsheets. As Sarah’s proficiency grew, so did her efficiency. She discovered the power of nested functions, combining multiple formulas to perform intricate calculations seamlessly. The CONCATENATE function helped her merge data from different columns effortlessly, while the COUNTIF function allowed her to analyze data trends quickly. Beyond individual functions, Sarah learned about Excel’s array formulas and pivot tables, tools that revolutionized her data analysis capabilities. With pivot tables, she could summarize vast datasets in moments, uncovering insights that were previously buried under layers of information. Mastering these functions not only saved Sarah time but also enhanced the accuracy of her reports. Automation reduced human error, and the ability to manipulate data dynamically gave her a competitive edge in her role. For anyone looking to boost productivity, the key lies in continuous learning and practice. Start with basic functions, then gradually explore advanced features. Online tutorials, forums, and courses can provide valuable guidance. Remember, each function you master is a step towards transforming your workflow. In conclusion, Excel functions are more than just formulas; they are tools that empower you to work smarter, not harder. By investing time in mastering them, you unlock a world of efficiency and precision, making your daily tasks not only manageable but also enjoyable. | K9: MASTERING PIVOT TABLES: UNLOCKING DATA INSIGHTS EFFORTLESSLY In the bustling city of DataVille, where numbers and charts ruled the land, lived a young analyst named Emma. She was known for her curiosity and determination to make sense of the endless streams of data flowing through her company. One day, Emma stumbled upon a mysterious tool called the Pivot Table, whispered about in the corridors but seldom understood. Eager to unlock its secrets, Emma dove into learning everything about Pivot Tables. She discovered that this powerful tool could transform chaotic data into clear, insightful summaries with just a few clicks. No longer did she have to sift through endless rows and columns; the Pivot Table did the heavy lifting, revealing patterns and trends that were previously hidden. Emma began experimenting, dragging and dropping fields, filtering and sorting, and soon she was able to answer complex questions effortlessly. Her reports became the highlight of every meeting, impressing her colleagues and superiors alike. The data now told compelling stories, guiding strategic decisions and driving success. | T9: VBA AND SCRIPTS REVOLUTIONIZE OFFICE AUTOMATION In the bustling world of office work, efficiency and accuracy are paramount. For years, employees grappled with repetitive tasks, manual data entry, and time-consuming processes that drained their energy and creativity. Then came a revolution that transformed the landscape of office automation: the advent of VBA (Visual Basic for Applications) and scripting. VBA, a programming language integrated into Microsoft Office applications, empowered users to automate routine tasks with ease. Scripts, small programs written to perform specific functions, complemented this by enabling customization and streamlining workflows. Together, they became the dynamic duo that redefined productivity. Meet Sarah, an office manager at a mid-sized company. Every month, she spent countless hours compiling reports from various spreadsheets, manually updating figures, and formatting documents. The process was tedious and prone to errors. One day, Sarah discovered VBA and scripting. Intrigued, she began learning how to write simple macros to automate her tasks. With a few lines of code, Sarah created a macro that pulled data from multiple sources, consolidated it into a single report, and formatted it according to company standards. What once took her an entire day now took mere minutes. Her colleagues noticed the change and soon sought her help to automate their own tasks. The ripple effect was profound. Departments that once operated in silos began sharing automated tools, reducing redundancies and improving collaboration. The finance team automated invoice processing, the HR department streamlined employee onboarding, and the sales team generated real-time performance dashboards. Beyond saving time, VBA and scripts enhanced accuracy by minimizing human error. They allowed customization tailored to specific business needs, making processes more flexible and adaptable. Employees were freed from mundane tasks, enabling them to focus on strategic initiatives and creative problem-solving. The revolution also sparked a culture of continuous improvement. Staff members embraced learning programming basics, fostering innovation and a proactive approach to challenges. Management recognized the value of investing in training and resources to support automation efforts. In the end, the integration of VBA and scripting into office workflows was more than a technological upgrade; it was a catalyst for transformation. It empowered individuals, optimized operations, and paved the way for a smarter, more agile workplace. The story of this revolution serves as a testament to how embracing technology can unlock human potential and drive success in the modern office.
K23: Kickoff Grid — Easy
K24: Fill the 9×9 grid so each row, column, and 3×3 box contains 1–9.
K25: 2 | M25: 4 | O25: 7 | P25: 5 | S25: 6
K26: 7 | M26: 8 | O26: 6 | P26: 9 | Q26: 4 | R26: 5 | S26: 2
K27: 5 | N27: 3 | P27: 4 | R27: 1 | S27: 8
K28: 1 | N28: 4 | P28: 2 | R28: 6 | S28: 7
M29: 7 | N29: 6 | O29: 3 | P29: 1 | Q29: 8 | R29: 2
K30: 4 | Q30: 1 | R30: 9 | S30: 3
K31: 8 | M31: 1 | R31: 4 | S31: 9
L32: 4 | M32: 2 | N32: 9 | P32: 8 | R32: 7
K33: 3 | P33: 6 | Q33: 2
XX1000: 107015

Sheet N2
B2: PIVOT PRESS
B5: All the Excel that's fit to print — formulas, pivots, and puzzles
B6: Issue 484 | AB6: December 3, 2025 — Spreadsheet City
B7: Front Page – Functions & Features | K7: Pivot Puzzle — Medium | T7: Automation Alley – VBA & Scripts
B8: By Leila Gharani (MVP) | K8: Fill the 9×9 grid so each row, column, and 3×3 box contains 1–9. | T8: By Mynda Treacy (MVP)
B9: HOW EXCEL FUNCTIONS CAN SIMPLIFY YOUR DATA ANALYSIS In the bustling world of data, where numbers and information flood every corner of business and research, Excel functions stand as invaluable tools that simplify the complex task of data analysis. Imagine a small business owner named Sarah, who juggles inventory, sales, and customer data daily. Before discovering Excel functions, Sarah spent hours manually calculating totals, averages, and trends, often making errors that cost her time and money. One day, Sarah decided to explore Excel's powerful functions. She started with the SUM function, which instantly added up her sales figures, saving her precious hours each week. Next, she used the AVERAGE function to understand the typical sales per day, helping her identify peak business times. With the IF function, Sarah created conditional formulas that flagged low stock items, ensuring she never ran out of popular products. As Sarah's confidence grew, she delved into more advanced functions like VLOOKUP, which allowed her to cross-reference customer data with purchase history effortlessly. This insight enabled her to tailor marketing campaigns, boosting customer engagement and sales. The CONCATENATE function helped her combine data from different columns, streamlining her reports and making them easier to read. Excel functions transformed Sarah's approach to data. What once took hours now took minutes, with greater accuracy and clarity. She could make informed decisions quickly, adapt to market changes, and focus more on growing her business rather than wrestling with spreadsheets. This story illustrates how Excel functions can empower anyone dealing with data. From simple calculations to complex data manipulation, these tools reduce errors, save time, and provide deeper insights. Whether you're a student, a researcher, or a business professional, mastering Excel functions can turn overwhelming data into actionable knowledge, simplifying your data analysis journey. | L9: 6 | P9: 4 | Q9: 8 | R9: 7 | T9: HOW VBA ENHANCES PRODUCTIVITY IN EXCEL In the bustling world of data management, Excel stands as a beacon of efficiency and organization. Yet, as datasets grow larger and tasks become more complex, even the most seasoned users find themselves overwhelmed. Enter VBA, or Visual Basic for Applications, a powerful tool that transforms Excel from a simple spreadsheet program into a dynamic productivity powerhouse. VBA allows users to automate repetitive tasks, saving countless hours that would otherwise be spent on manual data entry and formatting. Imagine a financial analyst who must generate monthly reports from raw data scattered across multiple sheets. With VBA, they can write a macro that consolidates data, applies necessary calculations, and formats the report with a single click. This automation not only speeds up the process but also reduces the risk of human error. Beyond automation, VBA enhances Excel's functionality by enabling custom solutions tailored to specific business needs. For instance, a project manager might develop a VBA script to track project milestones, send automated reminders, and update dashboards in real-time. Such customization empowers users to adapt Excel to their unique workflows, fostering greater efficiency and control. Moreover, VBA facilitates integration with other applications, allowing seamless data exchange and collaboration. A marketing team could use VBA to pull data from an external database, analyze campaign performance, and export results to PowerPoint for presentations. This interoperability streamlines processes and ensures consistency across platforms. Learning VBA also cultivates problem-solving skills and encourages a deeper understanding of Excel's capabilities. As users explore programming concepts, they unlock new ways to manipulate data and create innovative solutions. This growth not only benefits individual productivity but also contributes to organizational success. In essence, VBA transforms Excel from a static tool into a versatile assistant, capable of handling complex tasks with speed and precision. By automating routine work, customizing functions, and integrating systems, VBA empowers users to focus on analysis and decision-making rather than mundane chores. As businesses continue to rely on data-driven insights, mastering VBA becomes an invaluable asset in the quest for productivity and excellence.
M10: 7 | N10: 1 | P10: 8 | S10: 2
K11: 2 | O11: 6 | P11: 7 | R11: 3 | S11: 4
K12: 6 | L12: 4 | M12: 3 | P12: 9
K13: 7 | R13: 5 | S13: 3
L14: 5 | M14: 2 | N14: 7 | Q14: 6 | R14: 4 | S14: 9
L15: 7 | M15: 6 | O15: 3 | P15: 2 | Q15: 1
K16: 3 | L16: 2 | M16: 5 | N16: 8 | Q16: 4
K17: 8 | L17: 1 | M17: 4 | N17: 9 | O17: 7 | Q17: 3 | S17: 6
K18: Data Desk – Pivots & Power Query
K19: By Chris Webb (MVP)
K20: TOP 10 TIPS FOR EFFICIENT PIVOT TABLE ANALYSIS In the bustling world of data analysis, pivot tables stand as one of the most powerful tools for summarizing and interpreting vast amounts of information. Yet, many users find themselves overwhelmed by the sheer possibilities and nuances of pivot tables. To harness their full potential, here are the top 10 tips for efficient pivot table analysis. First, always start with clean data. Ensure your dataset has no blank rows or columns, and that each column has a clear header. This foundation prevents errors and makes your pivot table more reliable. Second, familiarize yourself with the layout options. Understanding how to drag fields into rows, columns, values, and filters can dramatically change the insights you extract. Third, use filters wisely. Applying filters can help focus your analysis on specific segments, making your findings more relevant. Fourth, take advantage of calculated fields. These allow you to create new data points based on existing ones, adding depth to your analysis without altering the original data. Fifth, refresh your pivot table regularly. If your source data changes, refreshing ensures your pivot table reflects the latest information. Sixth, explore grouping options. Grouping dates, numbers, or text can simplify complex data and reveal trends. Seventh, customize your value field settings. Switching between sum, average, count, or other calculations can provide different perspectives on your data. Eighth, use slicers for interactive filtering. Slicers offer a user-friendly way to filter data visually, enhancing the interactivity of your reports. Ninth, keep your pivot tables organized. Naming your pivot tables and placing them strategically within your workbook can save time and reduce confusion. Finally, practice regularly. Like any skill, proficiency with pivot tables comes with consistent use and exploration. By integrating these tips into your workflow, you can transform raw data into meaningful insights swiftly and effectively. Pivot tables are not just tools; they are gateways to smarter decision-making.
XX1000: 107015

Sheet N3
B2: FORMULA TIMES
B5: All the Excel that's fit to print — formulas, pivots, and puzzles
B6: Issue 12 | AB6: December 3, 2025 — Spreadsheet City
B7: Front Page – Functions & Features | K7: Data Desk – Pivots & Power Query | T7: VLOOKUP Voyage — Easy
B8: By Purna 'Chandoo' Duggirala (MVP) | K8: By Leila Gharani (MVP) | T8: Fill the 9×9 grid so each row, column, and 3×3 box contains 1–9.
B9: EXPLORING THE POWER OF EXCEL'S VLOOKUP FUNCTION In the bustling world of data management, Excel stands as a beacon of efficiency and organization. Among its many powerful tools, the VLOOKUP function shines brightly, offering users a way to seamlessly search and retrieve data from vast spreadsheets. This story follows Emma, a young analyst, as she discovers the transformative power of VLOOKUP. Emma had always been fascinated by numbers and patterns. When she landed her first job at a marketing firm, she was eager to dive into the sea of data that awaited her. However, she quickly realized that sifting through endless rows and columns was daunting. One day, while struggling to match client IDs with their corresponding sales figures, a colleague introduced her to the VLOOKUP function. Curious, Emma began to explore. She learned that VLOOKUP could search for a specific value in the first column of a range and return a value in the same row from another column. This meant she could effortlessly link client information with sales data without manually scanning through the spreadsheet. With newfound enthusiasm, Emma applied VLOOKUP to her tasks. She created dynamic reports that updated automatically as new data was added. Her efficiency soared, and her managers took notice. The function not only saved her time but also reduced errors, ensuring the accuracy of her analyses. Emma's journey with VLOOKUP didn't stop there. She discovered its versatility—how it could be combined with other functions to perform complex lookups, handle approximate matches, and even manage data across multiple sheets. Each discovery empowered her to tackle more challenging projects. Through mastering VLOOKUP, Emma transformed from a novice to a confident data analyst. Her story highlights the power of embracing tools that simplify complexity, turning overwhelming tasks into manageable ones. In the realm of Excel, VLOOKUP stands as a testament to how a single function can unlock a world of possibilities. | K9: HOW POWER QUERY SIMPLIFIES COMPLEX DATA TASKS In the bustling world of data management, professionals often find themselves tangled in a web of complex data tasks. Enter Power Query, a transformative tool that has revolutionized the way data is handled. This story follows Emma, a data analyst overwhelmed by the sheer volume and complexity of her daily tasks. Emma's company dealt with data from multiple sources—spreadsheets, databases, and online services. Each dataset had its quirks, inconsistencies, and formatting issues. Manually cleaning and consolidating this data was a tedious and error-prone process that consumed hours of her workweek. One day, Emma discovered Power Query, a feature within Excel designed to simplify data transformation and preparation. Intrigued, she decided to explore its capabilities. With Power Query, Emma could import data from various sources effortlessly. The tool's intuitive interface allowed her to filter rows, remove duplicates, and merge tables without writing a single line of code. Emma began by connecting Power Query to her company's sales database. She quickly learned how to clean the data by removing unnecessary columns and correcting inconsistent date formats. Next, she combined this cleaned data with marketing spreadsheets, creating a unified dataset that provided comprehensive insights. The real breakthrough came when Emma automated these processes. Power Query's ability to refresh data with a single click meant that she no longer had to repeat the tedious cleaning steps each time new data arrived. This automation saved her countless hours and significantly reduced errors. Emma's newfound efficiency impressed her team and management. Reports that once took days to prepare were now ready in minutes. The clarity and accuracy of the data improved decision-making across departments. Through Power Query, Emma transformed her approach to data tasks. What was once a daunting challenge became a streamlined, manageable process. Her story highlights how embracing the right tools can empower professionals to conquer complex data challenges with confidence and ease. | U9: 6 | V9: 3 | W9: 1 | AA9: 8 | AB9: 4
U10: 5 | W10: 8 | Z10: 9
U11: 4 | W11: 5 | X11: 6 | Z11: 3 | AB11: 7
T12: 5 | Y12: 8 | Z12: 2 | AA12: 4 | AB12: 3
T13: 3 | U13: 2 | V13: 8 | W13: 7 | X13: 5 | Y13: 4 | Z13: 6
T14: 4 | U14: 9 | V14: 1 | X14: 2 | AA14: 7 | AB14: 5
U15: 8 | AA15: 5
T16: 9 | U16: 3 | W16: 2 | Y16: 5 | AB16: 8
T17: 7 | U17: 1 | V17: 5 | W17: 6 | X17: 8 | AA17: 3 | AB17: 2
T18: Automation Alley – VBA & Scripts
T19: By Debra Dalgleish (MVP)
T20: SCRIPTS AND VBA: THE DYNAMIC DUO FOR DATA MANAGEMENT In the bustling world of data management, two powerful tools have emerged as the dynamic duo: Scripts and VBA. Together, they transform the way businesses handle, analyze, and automate their data processes, making complex tasks simpler and more efficient. Scripts, often written in languages like Python or JavaScript, offer flexibility and power. They can manipulate data across various platforms, connect to databases, and perform intricate calculations with ease. Their versatility allows users to automate repetitive tasks, freeing up valuable time and reducing the risk of human error. On the other hand, VBA (Visual Basic for Applications) is the unsung hero within Microsoft Office applications. Embedded directly into programs like Excel and Access, VBA enables users to create macros that automate routine operations. From generating reports to cleaning datasets, VBA scripts streamline workflows and enhance productivity. When combined, Scripts and VBA create a synergy that elevates data management to new heights. For instance, a VBA macro can trigger a Python script to process large datasets externally, then import the results back into Excel for further analysis. This collaboration leverages the strengths of both tools, offering a seamless and powerful solution. Consider a financial analyst who needs to consolidate data from multiple sources, perform complex calculations, and generate customized reports. Using VBA, they automate data import and report formatting within Excel. Simultaneously, a Python script handles heavy data processing and validation. The integration of these tools not only saves time but also ensures accuracy and consistency. Moreover, the learning curve for both Scripts and VBA is manageable, making them accessible to professionals across various industries. Their widespread use and extensive community support provide ample resources for troubleshooting and skill development. In conclusion, Scripts and VBA stand as a formidable pair in the realm of data management. Their combined capabilities empower users to automate, analyze, and optimize data workflows efficiently. Embracing this dynamic duo can lead to smarter decision-making and a competitive edge in today's data-driven landscape.
XX1000: 107015

Sheet N4
B2: CELL CITY CHRONICLE
B5: All the Excel that's fit to print — formulas, pivots, and puzzles
B6: Issue 328 | AB6: December 3, 2025 — Spreadsheet City
B7: Front Page – Functions & Features | K7: Data Desk – Pivots & Power Query | T7: Automation Alley – VBA & Scripts
B8: By Hui (MVP) | K8: By Matt Allington (MVP) | T8: By Ken Puls (MVP)
B9: EXCEL'S NEW DYNAMIC ARRAYS: WHAT YOU NEED TO KNOW In the ever-evolving world of spreadsheets, Microsoft Excel has introduced a groundbreaking feature that has transformed the way users handle data: Dynamic Arrays. This innovation has simplified complex formulas and enhanced productivity, making it a must-know for anyone who works with Excel. Dynamic Arrays allow formulas to return multiple values that spill over into adjacent cells automatically. Before this feature, users had to rely on array formulas, which were often complicated and required special keystrokes like Ctrl+Shift+Enter. With Dynamic Arrays, the process is more intuitive and efficient. Imagine you have a list of numbers and want to extract unique values or sort them without creating multiple helper columns. Dynamic Arrays make this possible with new functions like UNIQUE, SORT, FILTER, SEQUENCE, and RANDARRAY. For example, the UNIQUE function can instantly generate a list of distinct values from a range, spilling the results into the necessary cells below. One of the key benefits of Dynamic Arrays is the reduction of manual work. Previously, users had to copy formulas down or across cells to apply them to multiple data points. Now, a single formula can output an entire range of results, dynamically adjusting as the source data changes. This not only saves time but also reduces errors caused by inconsistent formula application. Moreover, Dynamic Arrays improve spreadsheet readability. Instead of cluttering sheets with repetitive formulas, users can maintain cleaner and more organized workbooks. This clarity is especially valuable when sharing files with colleagues or clients who need to understand the data quickly. However, it's important to note that Dynamic Arrays are available in the latest versions of Excel, such as Excel for Microsoft 365 and Excel 2021. Users with older versions might not have access to these features, which could affect compatibility when sharing files. To get started with Dynamic Arrays, users should familiarize themselves with the new functions and practice applying them to real-world scenarios. Microsoft offers extensive documentation and tutorials to help users transition smoothly. In conclusion, Excel's Dynamic Arrays represent a significant leap forward in spreadsheet functionality. By embracing these features, users can streamline their workflows, enhance data analysis, and create more dynamic and responsive spreadsheets. Whether you're a beginner or an experienced Excel user, understanding Dynamic Arrays is essential to harnessing the full power of modern Excel. | K9: PIVOT TABLES VS POWER QUERY: WHICH TOOL TO USE? In the bustling world of data analysis, two powerful tools often come into the spotlight: Pivot Tables and Power Query. Both are integral to Excel users, but each serves a distinct purpose, making the choice between them crucial depending on the task at hand. Pivot Tables have long been the go-to for summarizing and analyzing data quickly. Imagine Sarah, a financial analyst, who needs to create a report showing sales performance across different regions. With Pivot Tables, she can effortlessly drag and drop fields, instantly generating summaries, averages, and totals. The visual layout allows her to spot trends and outliers with ease. Pivot Tables excel in slicing and dicing data already cleaned and structured, providing dynamic views without altering the original dataset. On the other hand, Power Query is a transformative tool designed for data preparation. Consider John, a marketing manager, who receives monthly sales data from various sources, each with inconsistent formats. Power Query enables him to import, clean, and consolidate these datasets seamlessly. It automates repetitive tasks like removing duplicates, filtering rows, and merging tables. Unlike Pivot Tables, Power Query modifies the data before analysis, ensuring that the information feeding into reports is accurate and consistent. Choosing between the two depends largely on the stage of data handling. If the data is raw and requires cleaning, Power Query is the ideal choice. It acts as a robust ETL (Extract, Transform, Load) tool within Excel, streamlining data preparation. Conversely, if the data is ready and the goal is to analyze and summarize, Pivot Tables provide a flexible and interactive solution. Moreover, these tools complement each other. A common workflow involves using Power Query to prepare and load data into Excel, followed by Pivot Tables to analyze the refined dataset. This synergy enhances efficiency and accuracy, empowering users to derive meaningful insights. In conclusion, understanding the strengths of Pivot Tables and Power Query is essential for effective data analysis. Pivot Tables shine in summarizing and exploring structured data, while Power Query excels in transforming and cleaning raw data. By leveraging both tools appropriately, users can navigate complex datasets with confidence and precision. | T9: MASTERING VBA: TIPS AND TRICKS FOR BEGINNERS In the bustling world of office automation, mastering VBA (Visual Basic for Applications) can be a game-changer for beginners eager to enhance their productivity. Imagine Sarah, a new administrative assistant, who was overwhelmed by repetitive tasks in Excel. Determined to find a solution, she embarked on a journey to learn VBA. Sarah started with the basics, understanding the VBA editor and recording simple macros. She quickly realized that recording macros was like capturing a snapshot of her actions, which she could replay anytime. This saved her hours of manual work. As she delved deeper, Sarah discovered the power of variables and loops. By using variables, she could store data temporarily, making her scripts dynamic. Loops allowed her to repeat tasks efficiently, such as processing rows of data without writing repetitive code. One of the most valuable tips Sarah learned was to use the 'Option Explicit' statement. This forced her to declare all variables, reducing errors caused by typos. Debugging became easier, and her code more reliable. Sarah also embraced the use of comments. By annotating her code, she ensured that she and others could understand the purpose of each section, making future modifications straightforward. Another trick was leveraging built-in functions and objects. For instance, she used the 'Range' object to manipulate cells and the 'MsgBox' function to interact with users. These tools made her programs interactive and user-friendly. To enhance her skills, Sarah joined online forums and watched tutorial videos. She learned to break down complex problems into smaller, manageable tasks, a crucial approach in programming. Over time, Sarah automated report generation, data cleaning, and even email notifications. Her efficiency soared, impressing her colleagues and supervisors. Mastering VBA transformed Sarah's work life, turning tedious tasks into automated processes. For beginners, the key lies in starting small, practicing regularly, and embracing the community's wealth of knowledge. With patience and persistence, anyone can unlock the potential of VBA and revolutionize their workflow.
B23: INDEX & MATCH-Up — Medium
B24: Fill the 9×9 grid so each row, column, and 3×3 box contains 1–9.
C25: 3 | D25: 4 | G25: 1 | I25: 5
B26: 6 | E26: 8 | G26: 3 | I26: 4
C27: 1 | E27: 6 | H27: 7 | J27: 2
B28: 8 | F28: 3 | J28: 5
C29: 9 | F29: 2 | H29: 6 | I29: 1
B30: 1 | C30: 2 | E30: 4 | H30: 3 | I30: 9
B31: 2 | E31: 9 | F31: 6 | G31: 4 | H31: 5 | I31: 8 | J31: 3
B32: 5 | C32: 8 | I32: 6 | J32: 7
C33: 6 | D33: 3 | E33: 5 | H33: 1 | I33: 2
XX1000: 107015

Sheet N5
B2: RIBBON REPORTER
B5: All the Excel that's fit to print — formulas, pivots, and puzzles
B6: Issue 968 | AB6: December 3, 2025 — Spreadsheet City
B7: Front Page – Functions & Features | K7: Data Desk – Pivots & Power Query | T7: Automation Alley – VBA & Scripts
B8: By Mike Girvin – ExcelIsFun (MVP) | K8: By Dick Kusleika (MVP) | T8: By Hui (MVP)
B9: PIVOT TABLES IN EXCEL: A GAME CHANGER FOR DATA SUMMARIZATION In the bustling world of data analysis, where numbers and information flood every corner of business, the ability to quickly and effectively summarize data is invaluable. Enter Pivot Tables in Excel, a revolutionary tool that transformed the way professionals handle and interpret vast datasets. Once upon a time, analysts spent countless hours manually sorting, filtering, and calculating data to extract meaningful insights. This tedious process was not only time-consuming but also prone to errors. The introduction of Pivot Tables changed the landscape entirely. Pivot Tables allow users to dynamically reorganize and summarize data without altering the original dataset. With just a few clicks, one can group data by categories, calculate sums, averages, counts, and even create custom calculations. This flexibility empowers users to explore data from multiple perspectives effortlessly. Imagine a sales manager who needs to analyze quarterly sales across different regions and product lines. Instead of sifting through endless rows of data, the manager can create a Pivot Table to instantly view total sales by region, identify top-performing products, and spot trends over time. This rapid analysis facilitates informed decision-making and strategic planning. Moreover, Pivot Tables support drill-down capabilities, enabling users to delve deeper into summarized data to uncover underlying details. This feature is particularly useful for identifying anomalies or understanding the factors driving certain results. The impact of Pivot Tables extends beyond individual users. Organizations benefit from improved efficiency, reduced errors, and enhanced data-driven culture. Training employees to leverage this tool can lead to significant productivity gains and better business outcomes. In conclusion, Pivot Tables in Excel are more than just a feature; they are a game changer for data summarization. By simplifying complex data analysis tasks, they empower users to unlock insights quickly and accurately, driving smarter decisions in an increasingly data-centric world. | K9: BOOST YOUR EXCEL SKILLS WITH PIVOT TABLES AND POWER QUERY In the bustling world of data, Emma was an analyst eager to elevate her Excel skills. She had heard whispers about the magic of Pivot Tables and Power Query but had never truly explored their depths. One day, faced with a mountain of sales data, she decided it was time to dive in. Emma started with Pivot Tables, a tool that promised to transform raw data into insightful summaries. As she dragged and dropped fields, she watched her chaotic spreadsheet morph into a clear, concise report. Totals, averages, and trends appeared at her fingertips, revealing patterns she had missed before. Encouraged, Emma ventured into Power Query, a powerful feature that allowed her to clean and reshape data effortlessly. She connected multiple data sources, removed duplicates, and filtered out irrelevant information with just a few clicks. The tedious hours she once spent on manual data preparation were now replaced by automated, repeatable processes. With these new skills, Emma not only saved time but also impressed her team with dynamic reports that updated instantly. Her confidence grew, and she began sharing her knowledge, helping others unlock the potential of Excel. Through Pivot Tables and Power Query, Emma transformed from a data novice to a proficient analyst, proving that with the right tools and determination, anyone can boost their Excel skills and make data work for them. | T9: THE FUTURE OF AUTOMATION: VBA AND SCRIPTING LANGUAGES In a world increasingly driven by technology, automation has become the cornerstone of efficiency and innovation. Among the myriad tools that empower this transformation, VBA (Visual Basic for Applications) and scripting languages stand out as pivotal players shaping the future of automation. VBA, once primarily associated with Microsoft Office applications, has evolved beyond its initial scope. Its ability to automate repetitive tasks, manipulate data, and customize workflows has made it indispensable in various industries. From finance to healthcare, professionals leverage VBA to streamline processes, reduce errors, and save valuable time. Scripting languages, such as Python, PowerShell, and JavaScript, complement VBA by offering broader capabilities and integration options. Python's simplicity and extensive libraries enable complex data analysis and machine learning tasks, while PowerShell excels in system administration and automation within Windows environments. JavaScript, with its ubiquity in web development, facilitates automation in browser-based applications. The synergy between VBA and scripting languages heralds a new era of automation. Organizations are increasingly adopting hybrid approaches, combining the strengths of each to create robust, scalable solutions. For instance, a VBA script might handle data extraction within Excel, while a Python script processes the data and generates insightful reports. Looking ahead, the future of automation lies in enhancing accessibility and intelligence. Low-code and no-code platforms are democratizing automation, allowing users with minimal programming knowledge to build sophisticated workflows. Meanwhile, advancements in artificial intelligence and machine learning are enabling scripts to adapt and optimize themselves, reducing the need for manual intervention. However, challenges remain. Ensuring security, maintaining code quality, and managing the complexity of interconnected systems require ongoing attention. Continuous learning and adaptation are essential for professionals to harness the full potential of VBA and scripting languages. In conclusion, VBA and scripting languages are not relics of the past but vital tools driving the future of automation. Their evolution and integration promise a landscape where efficiency, creativity, and innovation converge, empowering individuals and organizations to achieve more with less effort.
K23: Conditional Formatting Grid — Easy
K24: Fill the 9×9 grid so each row, column, and 3×3 box contains 1–9.
L25: 9 | M25: 5 | Q25: 6 | S25: 8
L26: 3 | M26: 2 | N26: 8 | P26: 5 | R26: 7 | S26: 1
L27: 8 | M27: 1 | N27: 6 | O27: 9 | Q27: 5 | S27: 4
L28: 7 | N28: 9 | O28: 3 | P28: 2 | S28: 6
M29: 6 | N29: 5 | Q29: 7 | R29: 8
L30: 4 | M30: 3 | O30: 6 | P30: 8 | Q30: 1 | R30: 9 | S30: 2
L31: 5 | O31: 8 | P31: 6
K32: 8 | O32: 7 | P32: 1 | S32: 5
M33: 4 | N33: 2 | P33: 9 | Q33: 8 | S33: 7
XX1000: 107015

Sheet N6
B2: WORKBOOK WEEKLY
B5: All the Excel that's fit to print — formulas, pivots, and puzzles
B6: Issue 563 | AB6: December 3, 2025 — Spreadsheet City
B7: Front Page – Functions & Features | K7: Data Desk – Pivots & Power Query | T7: Automation Alley – VBA & Scripts
B8: By Wyn Hopkins (MVP) | K8: By Debra Dalgleish (MVP) | T8: By Chris Webb (MVP)
B9: CONDITIONAL FORMATTING TIPS TO MAKE YOUR DATA STAND OUT In the bustling world of data analysis, clarity is king. Emma, a young analyst at a growing tech startup, was tasked with presenting quarterly sales data to her team. The numbers were impressive, but the raw data was dense and difficult to interpret at a glance. Emma knew she needed a way to make the key insights pop, so she turned to conditional formatting in her spreadsheet software. Her first tip was to use color scales. By applying a gradient from red to green, Emma highlighted the lowest to highest sales figures. This visual cue immediately drew attention to the best and worst performers without overwhelming the viewer with numbers. Next, she used icon sets to add intuitive symbols next to data points. Upward arrows indicated growth, while downward arrows signaled decline. This simple addition made trends easy to spot, even for those less comfortable with numbers. Emma also leveraged data bars to represent values proportionally within cells. This technique transformed columns of numbers into mini bar charts, providing a quick visual comparison across regions. To avoid clutter, she applied rules selectively. Instead of formatting every cell, Emma focused on highlighting only those that met specific criteria, such as sales exceeding targets or dropping below expectations. This selective approach ensured the formatting served a purpose and didn’t distract. She also experimented with custom formulas for more complex conditions. For example, she highlighted cells where sales increased by more than 10% compared to the previous quarter, drawing attention to significant improvements. Finally, Emma ensured her formatting choices were accessible. She selected color palettes that were colorblind-friendly and tested her spreadsheet in grayscale to confirm readability. When Emma presented her formatted data, the team was impressed. The visual enhancements made the information clear and engaging, facilitating better discussions and decision-making. Through her experience, Emma learned that conditional formatting is more than just decoration; it’s a powerful tool to communicate data effectively. By thoughtfully applying color scales, icon sets, data bars, selective rules, and custom formulas, anyone can make their data stand out and tell a compelling story. | K9: STEP-BY-STEP GUIDE TO CREATING DYNAMIC PIVOT TABLES In the bustling world of data analysis, Emma found herself overwhelmed by the sheer volume of information she needed to interpret. Her spreadsheets were cluttered, and extracting meaningful insights felt like searching for a needle in a haystack. One day, her colleague introduced her to the magic of dynamic pivot tables—a tool that promised to transform her data chaos into clarity. Eager to learn, Emma embarked on a journey to master this powerful feature. She began by organizing her raw data, ensuring each column had a clear header and that there were no blank rows or columns. This foundation was crucial for the pivot table to function correctly. Next, she selected her entire dataset and navigated to the 'Insert' tab, clicking on 'PivotTable.' A dialog box appeared, prompting her to choose where to place the pivot table. Opting for a new worksheet, she clicked 'OK,' and a blank pivot table frame appeared. Emma then explored the pivot table fields pane. She dragged the 'Product Category' field into the Rows area, the 'Sales Region' into the Columns area, and the 'Sales Amount' into the Values area. Instantly, her data transformed into a concise summary, revealing sales performance across regions and categories. To make her pivot table dynamic, Emma converted her data range into a table by selecting it and pressing Ctrl+T. This step ensured that any new data added would automatically be included in the pivot table's source. She also learned to refresh the pivot table by right-clicking anywhere within it and selecting 'Refresh,' updating the summary with the latest data. To enhance usability, Emma added slicers—interactive filters that allowed her to quickly segment data by different criteria. With practice, Emma discovered advanced features like calculated fields and grouping, enabling deeper analysis. Her reports became more insightful, and decision-making within her team improved significantly. Through patience and exploration, Emma transformed from a data novice to a confident analyst, all thanks to the dynamic pivot table. This tool not only simplified her work but also empowered her to uncover stories hidden within the numbers, proving that with the right approach, data could indeed tell compelling tales. | T9: VBA SCRIPTS SIMPLIFY COMPLEX TASKS IN SPREADSHEETS In the bustling office of a mid-sized company, Emma, a diligent analyst, faced a daunting challenge. Every week, she spent hours manually consolidating data from multiple spreadsheets, a task both tedious and prone to errors. The complexity of the process often left her overwhelmed, and she wished there was a better way. One day, during a team meeting, a colleague mentioned VBA scripts—small programs that could automate repetitive tasks within Excel. Intrigued, Emma decided to explore this tool. She began learning the basics of Visual Basic for Applications, discovering how it could transform her workflow. Emma started by writing a simple script to automate data consolidation. Instead of copying and pasting, the script pulled data from various sheets and compiled it into a single, organized report. The time saved was remarkable, freeing her to focus on analysis rather than data entry. Encouraged, she expanded her scripts to include error checking and formatting, ensuring the reports were not only accurate but also easy to read. Her newfound skills impressed her manager, who encouraged her to share her knowledge with the team. Soon, other employees adopted VBA scripts for their tasks, from generating invoices to tracking inventory. The office became more efficient, and the quality of work improved. Emma’s initiative demonstrated how embracing technology could simplify complex tasks and enhance productivity. Through perseverance and learning, Emma transformed a challenging routine into an opportunity for growth. VBA scripts became an indispensable tool, proving that with the right approach, even the most complicated spreadsheet tasks could be simplified.
T23: Absolute Reference Riddle — Medium
T24: Fill the 9×9 grid so each row, column, and 3×3 box contains 1–9.
T25: 4 | W25: 5 | Y25: 9 | AA25: 3
U26: 9 | V26: 1 | W26: 3 | X26: 7 | Y26: 6 | Z26: 5
T27: 3 | U27: 6 | V27: 5 | Y27: 1 | Z27: 9
T28: 7 | X28: 1 | Y28: 3 | AA28: 2
Y29: 2 | Z29: 7
T30: 5 | U30: 1 | W30: 6 | AB30: 8
T31: 2 | W31: 7 | Y31: 8 | Z31: 1 | AA31: 6 | AB31: 4
U32: 4 | V32: 9 | Z32: 8
T33: 6
XX1000: 107015

Sheet N7
B2: FUNCTION DAILY
B5: All the Excel that's fit to print — formulas, pivots, and puzzles
B6: Issue 182 | AB6: December 3, 2025 — Spreadsheet City
B7: Dynamic Array Dilemma — Hard | K7: Data Desk – Pivots & Power Query | T7: Automation Alley – VBA & Scripts
B8: Fill the 9×9 grid so each row, column, and 3×3 box contains 1–9. | K8: By Purna 'Chandoo' Duggirala (MVP) | T8: By Ken Puls (MVP)
B9: 4 | E9: 8 | F9: 5 | G9: 6 | K9: POWER QUERY: THE ULTIMATE DATA CLEANING SOLUTION In the bustling world of data, where information flows endlessly from countless sources, the need for a reliable and efficient tool to clean and organize data has never been greater. Enter Power Query, a revolutionary solution that has transformed the way analysts and professionals handle messy datasets. Once upon a time, data cleaning was a tedious and error-prone task. Analysts spent hours manually sifting through spreadsheets, correcting inconsistencies, and merging data from disparate sources. The process was not only time-consuming but also fraught with mistakes that could compromise the integrity of the analysis. Power Query emerged as a beacon of hope in this chaotic landscape. With its intuitive interface and powerful capabilities, it allowed users to automate the data cleaning process effortlessly. By simply connecting to various data sources, users could import data into Power Query and apply a series of transformations to cleanse and shape the data according to their needs. One of the most remarkable features of Power Query is its ability to handle complex tasks with ease. Whether it's removing duplicates, splitting columns, changing data types, or filtering rows, Power Query provides a comprehensive toolkit that caters to all data cleaning requirements. Moreover, its step-by-step approach ensures that every transformation is recorded, making it easy to review and modify the cleaning process. The impact of Power Query extends beyond just saving time. It empowers users to maintain consistency and accuracy in their datasets, which is crucial for making informed decisions. By automating repetitive tasks, analysts can focus on deriving insights rather than wrestling with data. Organizations that have embraced Power Query have witnessed a significant boost in productivity. Teams collaborate more effectively, sharing queries and workflows that standardize data preparation across departments. This harmonization leads to better data governance and a unified approach to analytics. In conclusion, Power Query stands as the ultimate data cleaning solution in the modern era. Its blend of simplicity and power has redefined data preparation, turning a once daunting chore into a streamlined and enjoyable process. As data continues to grow in volume and complexity, tools like Power Query will remain indispensable allies in the quest for clarity and insight. | T9: UNLOCKING THE POWER OF VBA FOR BUSINESS SOLUTIONS In the bustling world of business, efficiency and automation are the keys to success. Among the many tools available, Visual Basic for Applications (VBA) stands out as a powerful ally for professionals seeking to streamline their workflows and solve complex problems with ease. Emma, a financial analyst at a mid-sized company, was overwhelmed by the repetitive tasks that consumed her workdays. Generating monthly reports, consolidating data from multiple sources, and performing intricate calculations left her little time for strategic analysis. One day, she discovered VBA, a programming language embedded within Microsoft Office applications, capable of automating these tedious processes. Eager to harness this potential, Emma began learning VBA through online tutorials and forums. She started by recording simple macros in Excel, which automated formatting and data entry tasks. Gradually, she advanced to writing custom scripts that could pull data from various spreadsheets, perform complex financial models, and generate comprehensive reports with a single click. The impact was immediate. Tasks that once took hours were now completed in minutes, freeing Emma to focus on interpreting results and advising management. Her newfound skills also enabled her to create user-friendly tools for her colleagues, enhancing productivity across departments. Recognizing the broader applications, Emma collaborated with the IT team to integrate VBA solutions into other business processes. From automating inventory management to streamlining customer data analysis, VBA became a cornerstone of the company’s operational efficiency. Emma’s journey illustrates the transformative power of VBA in business. By unlocking its capabilities, professionals can not only save time and reduce errors but also drive innovation and informed decision-making. In a competitive landscape, mastering VBA is more than a technical skill—it’s a strategic advantage that empowers businesses to thrive.
B10: 6 | I10: 1
B11: 2 | D11: 3 | F11: 9 | G11: 4 | I11: 8
B12: 5 | C12: 4 | D12: 8 | E12: 6 | H12: 9 | J12: 1
B13: 3 | D13: 7 | E13: 2 | G13: 9 | J13: 8
C14: 2 | D14: 1 | I14: 6
B15: 8 | C15: 9 | E15: 5 | F15: 6 | G15: 7 | H15: 1
D16: 6 | F16: 2 | G16: 1 | J16: 4
F17: 4 | I17: 5
B18: Front Page – Functions & Features
B19: By Dick Kusleika (MVP)
B20: USING EXCEL'S IF FUNCTION FOR SMARTER SPREADSHEETS In the bustling world of data management, Emily was a young analyst eager to make her mark. She had recently been assigned a project that involved analyzing sales data for her company. The spreadsheets were massive, filled with numbers that told stories of success and areas needing improvement. However, Emily found herself overwhelmed by the sheer volume of data and the complexity of the calculations required. One afternoon, while scrolling through an online forum, Emily stumbled upon a discussion about Excel's IF function. Intrigued, she decided to explore this powerful tool. The IF function, she learned, allowed users to make logical comparisons between a value and what you expect, returning one result if the comparison is true and another if it is false. Eager to apply this newfound knowledge, Emily opened her spreadsheet and began experimenting. She created a formula that would automatically categorize sales figures as "High" if they exceeded a certain threshold and "Low" if they did not. This simple addition transformed her data, making it easier to identify trends at a glance. Encouraged by her success, Emily delved deeper. She combined multiple IF functions to handle more complex scenarios, such as assigning performance ratings based on sales targets. Her spreadsheets became dynamic, adapting to new data inputs and providing instant insights. Emily's manager noticed the improvement and praised her for the innovative approach. The use of the IF function not only saved time but also reduced errors, leading to more accurate reports. Inspired, Emily shared her knowledge with her team, conducting workshops to teach others how to harness the power of Excel's logical functions. Through her journey, Emily discovered that mastering tools like the IF function could turn overwhelming data into actionable intelligence. Her story is a testament to the impact of continuous learning and the importance of leveraging technology to work smarter, not harder.
B21: FORMULA FRONTPAGE: FILTER vs. SUM Column totals sparked a debate after late‑night filters reshuffled the ledger. Old‑school editors pushed FILTER, but the analytics team championed SUM for filtered reports. Verdict: choose the right headline for the right audience, and footnote assumptions.
XX1000: 107015

Sheet N8
B2: ARRAY ARGUS
B5: All the Excel that's fit to print — formulas, pivots, and puzzles
B6: Issue 32 | AB6: December 3, 2025 — Spreadsheet City
B7: Front Page – Functions & Features | K7: Spill Zone Sudoku — Medium | T7: Automation Alley – VBA & Scripts
B8: By Ingrid Halvorsen (MVP) | K8: Fill the 9×9 grid so each row, column, and 3×3 box contains 1–9. | T8: By Bob Umlas (MVP)
B9: EXCEL FUNCTIONS FOR FINANCIAL MODELING: A BEGINNER'S GUIDE In the bustling city of Financia, where skyscrapers gleamed and the hum of commerce filled the air, a young analyst named Mia embarked on her journey into the world of financial modeling. Fresh out of university, Mia was eager to prove her mettle but found herself overwhelmed by the complex spreadsheets and daunting numbers that defined her new role. One day, her mentor, Mr. Thompson, handed her a simple yet powerful tool: Excel. "Master these functions," he advised, "and you'll unlock the secrets of financial modeling." Mia began with the basics. She learned how the SUM function could quickly add up columns of revenue, while AVERAGE helped her understand typical expenses. The IF function became her decision-making ally, allowing her to create scenarios that adjusted based on different market conditions. As days turned into weeks, Mia discovered the power of VLOOKUP and INDEX-MATCH, which enabled her to pull data from vast tables with ease. She marveled at how these functions transformed chaotic data into meaningful insights. Her favorite, however, was the PMT function, which calculated loan payments effortlessly, helping her model financing options for new projects. With each function mastered, Mia's confidence grew, and so did her models' accuracy. One afternoon, faced with a challenging project to forecast company profits, Mia combined these functions into a cohesive model. She used IF statements to simulate best and worst-case scenarios, SUMPRODUCT to analyze weighted averages, and conditional formatting to highlight key trends. When she presented her model to the board, the room was impressed. Her clear, dynamic spreadsheet told a compelling story of potential growth and risk, guiding strategic decisions. Mia realized that Excel was more than just a tool; it was a language that spoke the story of finance. Through its functions, she could predict, analyze, and influence the future. Her journey from novice to skilled financial modeler was a testament to the power of learning and the magic hidden within Excel's cells. And so, in the heart of Financia, Mia's story inspired many others to embrace the art of financial modeling, one function at a time. | K9: 9 | M9: 2 | N9: 1 | Q9: 5 | R9: 4 | S9: 3 | T9: WHY VBA REMAINS RELEVANT IN MODERN SCRIPTING In the ever-evolving landscape of programming languages and scripting tools, Visual Basic for Applications (VBA) continues to hold a unique and enduring place. Despite the rise of modern languages and frameworks, VBA remains relevant, especially in environments where Microsoft Office applications dominate daily workflows. One of the primary reasons for VBA's sustained relevance is its deep integration with Microsoft Office. Many businesses rely heavily on Excel, Word, and Access for data management, reporting, and automation. VBA allows users to automate repetitive tasks, customize functionality, and create complex macros without needing to switch to external tools. This seamless integration saves time and reduces errors, making it invaluable for professionals who need quick and efficient solutions. Moreover, VBA's accessibility is a significant factor. Unlike some modern scripting languages that require extensive setup or specialized knowledge, VBA is relatively easy to learn for those familiar with Office applications. This lowers the barrier to entry, enabling a wide range of users—from analysts to administrators—to develop their own automation scripts. The ability to tailor solutions in-house fosters innovation and responsiveness within organizations. Another aspect contributing to VBA's relevance is the vast ecosystem of existing code and resources. Over decades, countless VBA scripts and templates have been developed, forming a rich repository that users can adapt and build upon. This legacy codebase ensures that organizations can maintain and enhance their current systems without costly overhauls. Furthermore, VBA's stability and reliability are noteworthy. While newer languages may introduce frequent updates and changes, VBA has remained consistent, providing a dependable platform for long-term projects. This stability is crucial for businesses that require predictable and maintainable automation solutions. In conclusion, VBA's continued relevance in modern scripting stems from its integration with Microsoft Office, ease of use, extensive legacy resources, and dependable performance. While new technologies emerge, VBA remains a practical and powerful tool for automating tasks and enhancing productivity in many professional settings.
L10: 6 | N10: 2 | O10: 9 | P10: 3 | R10: 7
L11: 7 | O11: 5 | P11: 8 | Q11: 6 | R11: 2
K12: 4 | L12: 2 | M12: 9 | N12: 3 | O12: 1 | S12: 6
K13: 8 | M13: 6 | O13: 2 | P13: 9 | Q13: 3
L14: 3 | M14: 1 | Q14: 9 | R14: 5 | S14: 2
K15: 3 | M15: 8 | P15: 2 | R15: 6 | S15: 7
K16: 2 | L16: 1 | M16: 5 | N16: 9 | O16: 6
K17: 6 | M17: 7 | P17: 1 | R17: 9
K18: Data Desk – Pivots & Power Query
K19: By Charles Williams (MVP)
K20: ANALYZING BIG DATA WITH PIVOT TABLES MADE EASY In the bustling city of Techville, data was the new gold. Companies amassed mountains of information daily, but few knew how to extract meaningful insights from this vast sea of numbers. Among them was Emma, a young analyst eager to make sense of the chaos. She had heard whispers about a powerful tool called Pivot Tables that could transform overwhelming data into clear, actionable stories. Emma’s first encounter with big data was daunting. Rows upon rows of sales figures, customer demographics, and product details filled her screen. The sheer volume was intimidating, and traditional methods of analysis seemed inadequate. Determined, she dove into learning about Pivot Tables, a feature in spreadsheet software that promised to simplify complex datasets. With a few clicks, Emma began to organize her data. She dragged and dropped fields, instantly summarizing sales by region, product category, and time period. The Pivot Table dynamically adjusted, revealing trends and patterns that were previously hidden. What once took hours of manual calculation now appeared in moments. As Emma explored further, she discovered the versatility of Pivot Tables. She could filter data to focus on specific customer segments, group dates into months or quarters, and even calculate averages and percentages with ease. This newfound capability empowered her to present compelling reports to her team, highlighting key opportunities and challenges. Word of Emma’s success spread, and soon colleagues sought her guidance. She organized workshops, teaching others how to harness Pivot Tables for their projects. The company’s decision-making improved, driven by data insights that were accessible and understandable. Emma’s journey illustrated that big data need not be overwhelming. With the right tools and a bit of curiosity, anyone could unlock the stories hidden within numbers. Pivot Tables transformed not just data analysis but also the culture of the organization, fostering a data-driven mindset. In the end, Emma realized that the true power of big data lay not in its volume but in the ability to analyze and interpret it effectively. Pivot Tables made this possible, turning complexity into clarity and enabling smarter, faster decisions in the ever-evolving world of business.
XX1000: 107015

Sheet N9
B2: SLICER SENTINEL
B5: All the Excel that's fit to print — formulas, pivots, and puzzles
B6: Issue 4 | AB6: December 3, 2025 — Spreadsheet City
B7: Front Page – Functions & Features | K7: Data Desk – Pivots & Power Query | T7: Data Validation Vault — Easy
B8: By Leila Gharani (MVP) | K8: By Liam Bastick (MVP) | T8: Fill the 9×9 grid so each row, column, and 3×3 box contains 1–9.
B9: UNLOCKING THE POTENTIAL OF EXCEL'S POWER QUERY In the bustling world of data management, Excel's Power Query stood as a beacon of hope for many professionals drowning in endless rows and columns. Sarah, a data analyst at a mid-sized marketing firm, had always struggled with the tedious task of cleaning and transforming data from various sources. Every week, she spent hours manually consolidating reports, a process that drained her creativity and energy. One day, during a team meeting, her colleague mentioned Power Query, a tool within Excel that could automate data transformation tasks. Intrigued, Sarah decided to explore its capabilities. She discovered that Power Query could connect to multiple data sources, clean messy data, and reshape it with just a few clicks, all without writing complex formulas. Eager to test it out, Sarah imported sales data from different regions, each with its unique format. With Power Query, she easily merged these datasets, removed duplicates, and filtered out irrelevant information. The tool's intuitive interface allowed her to apply transformations step-by-step, which she could review and modify anytime. As Sarah delved deeper, she realized that Power Query wasn't just a time-saver; it was a game-changer. It empowered her to focus on analyzing data trends rather than wrestling with data preparation. Her reports became more accurate and timely, impressing her managers and clients alike. Word of Sarah's newfound efficiency spread, and soon, her entire team adopted Power Query. They collaborated on building reusable queries, standardizing data processes across departments. This collective effort unlocked new insights, driving smarter business decisions. Sarah's journey with Power Query transformed her role from a data handler to a strategic analyst. She felt a renewed passion for her work, knowing she had the right tools to unlock the true potential of data. In the ever-evolving landscape of data analytics, Power Query proved to be an indispensable ally, turning complexity into clarity and chaos into order. | K9: TRANSFORM YOUR REPORTS USING POWER QUERY In the bustling world of data analysis, Sarah was known for her meticulous reports. Yet, she often found herself drowning in endless hours of manual data cleaning and consolidation. One day, a colleague introduced her to Power Query, a tool that promised to revolutionize her workflow. Skeptical but hopeful, Sarah decided to explore Power Query. She discovered that it could effortlessly connect to various data sources, cleanse messy data, and automate repetitive tasks. With a few clicks, she transformed chaotic spreadsheets into structured, insightful reports. As Sarah mastered Power Query, her efficiency soared. What once took days now took mere hours, freeing her to focus on deeper analysis and strategic insights. Her reports became more accurate and dynamic, impressing her managers and stakeholders. Empowered by this transformation, Sarah shared her knowledge with her team, fostering a culture of innovation and continuous improvement. Power Query didn't just change her reports; it changed her approach to data, turning challenges into opportunities. In the end, Sarah's journey with Power Query exemplified how embracing the right tools can unlock potential, streamline processes, and elevate the impact of data-driven decisions. | U9: 9 | W9: 2 | Y9: 7 | Z9: 3 | AA9: 8
U10: 2 | V10: 3 | W10: 5 | X10: 9 | Z10: 6
X11: 3 | Y11: 6 | AA11: 1 | AB11: 9
T12: 5 | U12: 7 | V12: 8 | W12: 3 | X12: 2 | Y12: 9 | Z12: 1 | AA12: 6
V13: 4 | W13: 1 | AB13: 8
T14: 6 | U14: 1 | W14: 7 | X14: 8 | AA14: 2 | AB14: 3
T15: 9 | W15: 8 | AA15: 3 | AB15: 2
T16: 3 | U16: 4 | V16: 1 | X16: 7 | Y16: 2 | AB16: 6
U17: 5 | W17: 6 | X17: 4 | Z17: 9 | AB17: 1
T18: Automation Alley – VBA & Scripts
T19: By Jeff Weir (MVP)
T20: SCRIPTS VS VBA: CHOOSING THE RIGHT TOOL FOR AUTOMATION In the bustling world of office productivity, automation has become the secret weapon for efficiency. Two contenders often emerge in this arena: Scripts and VBA. Each offers unique strengths, and choosing the right tool can transform the way tasks are handled. Scripts, often written in languages like Python or JavaScript, are versatile and powerful. They can interact with various applications, handle complex data processing, and run independently of specific software. Their flexibility makes them ideal for cross-platform automation and integrating multiple systems. On the other hand, VBA (Visual Basic for Applications) is deeply embedded within Microsoft Office applications. It allows users to automate repetitive tasks directly within programs like Excel, Word, and Access. VBA's tight integration means it can manipulate documents and spreadsheets with precision, making it a favorite among those who work extensively within the Office suite. Consider Sarah, an analyst who spends hours each week compiling reports. Initially, she used VBA macros within Excel to automate data formatting. This approach saved time but was limited to Excel's environment. Later, she learned Python scripting, enabling her to pull data from various sources, process it, and generate comprehensive reports across different platforms. The choice between Scripts and VBA often depends on the task's scope and environment. For tasks confined to Office applications, VBA offers a straightforward solution with a gentle learning curve. For broader automation needs involving multiple applications or systems, scripts provide greater flexibility and scalability. Moreover, the community and resources available for each tool can influence the decision. VBA has a long-standing presence with extensive documentation and forums. Scripts, especially in popular languages like Python, benefit from a vast ecosystem of libraries and active communities. Ultimately, understanding the strengths and limitations of both Scripts and VBA empowers users to select the right tool. Whether automating a simple Excel task or orchestrating complex workflows across platforms, the right choice can lead to significant productivity gains and a smoother work experience.
XX1000: 107015

Sheet N10
B2: POWER QUERY POST
B5: All the Excel that's fit to print — formulas, pivots, and puzzles
B6: Issue 654 | AB6: December 3, 2025 — Spreadsheet City
B7: Front Page – Functions & Features | K7: Data Desk – Pivots & Power Query | T7: Automation Alley – VBA & Scripts
B8: By Purna 'Chandoo' Duggirala (MVP) | K8: By Chris Webb (MVP) | T8: By Wyn Hopkins (MVP)
B9: DATA VISUALIZATION IN EXCEL: BEYOND BASIC CHARTS In the bustling world of data, where numbers often overwhelm and stories hide beneath endless rows, Excel stands as a beacon for clarity. But beyond the familiar bar charts and pie graphs lies a realm of visualization that transforms raw data into compelling narratives. Emma, a data analyst at a growing tech startup, faced a challenge. Her team was drowning in spreadsheets filled with sales figures, customer feedback, and market trends. The basic charts she used barely scratched the surface, leaving her colleagues disengaged and decisions delayed. Determined to make an impact, Emma dove into Excel's advanced visualization tools. She discovered sparklines—tiny, cell-sized charts that provided quick insights without cluttering the dashboard. By embedding these alongside data tables, she offered a snapshot of trends at a glance. Next, she explored conditional formatting, turning numbers into colors that spoke volumes. Heat maps highlighted regions with soaring sales, while icon sets flagged areas needing attention. These visual cues transformed the mundane into the meaningful. Emma didn't stop there. She experimented with dynamic charts, linking slicers and timelines to allow her team to interact with data effortlessly. This interactivity empowered stakeholders to explore scenarios, uncover patterns, and make informed decisions swiftly. Her pièce de résistance was the creation of a dashboard combining multiple elements—pivot tables, charts, and form controls—into a cohesive story. The once-overwhelming data now danced on the screen, guiding strategy meetings and inspiring confidence. Through her journey, Emma realized that data visualization in Excel was more than aesthetics; it was about storytelling. By moving beyond basic charts, she unlocked the power to communicate insights clearly and drive action. In a world awash with information, mastering these tools turned data from a silent burden into a vibrant conversation, proving that with creativity and skill, Excel could be a canvas for innovation. | K9: COMMON MISTAKES TO AVOID IN PIVOT TABLES Pivot tables are powerful tools in Excel that help users summarize and analyze large datasets quickly. However, many users, especially beginners, often make common mistakes that can lead to incorrect conclusions or wasted time. Understanding these pitfalls can help you create more accurate and efficient pivot tables. One frequent mistake is not refreshing the pivot table after updating the source data. Pivot tables do not automatically update when the underlying data changes. Forgetting to refresh means your pivot table might display outdated information, leading to errors in analysis. Always remember to right-click the pivot table and select "Refresh" after modifying your data. Another common error is including blank or inconsistent data in the source range. Blank rows or columns can cause the pivot table to misinterpret the data structure, resulting in missing or extra fields. Similarly, inconsistent data types within a column, such as mixing numbers and text, can confuse the pivot table and produce unexpected results. Ensuring your data is clean and consistent before creating a pivot table is crucial. Users also often neglect to use proper data formatting. For example, dates stored as text will not group correctly in a pivot table, making it difficult to analyze trends over time. Converting such fields to the correct data type before building the pivot table helps avoid this issue. Another mistake is overcomplicating the pivot table by adding too many fields or filters. While pivot tables are flexible, cluttering them can make interpretation difficult and slow down performance. It's best to focus on the key metrics and dimensions relevant to your analysis. Lastly, not understanding how to use calculated fields or items properly can lead to incorrect calculations. Calculated fields operate on the summarized data, not the raw data, which can sometimes produce unexpected results. Taking time to learn how these features work ensures accurate computations. By avoiding these common mistakes—refreshing data, cleaning and formatting source data, simplifying pivot tables, and understanding calculated fields—you can harness the full power of pivot tables to gain valuable insights efficiently and accurately. | T9: VBA AND SCRIPTS: BRIDGING THE GAP BETWEEN USERS AND DATA In the bustling world of data management, users often find themselves overwhelmed by the sheer volume and complexity of information. Enter VBA and scripts, the unsung heroes that bridge the gap between users and their data, transforming chaos into clarity. Once upon a time, in a mid-sized company, employees struggled daily with repetitive tasks—manually sorting data, generating reports, and updating records. The process was tedious, error-prone, and time-consuming. Recognizing the need for efficiency, the company's IT specialist introduced VBA (Visual Basic for Applications) and scripting solutions. With VBA, users could automate routine tasks within familiar applications like Excel. Scripts acted as invisible assistants, tirelessly executing commands that once took hours. For instance, a sales report that previously required manual compilation could now be generated with a single click, pulling data from multiple sources and presenting it in a clear, concise format. The transformation was remarkable. Employees regained precious time, allowing them to focus on analysis and decision-making rather than data wrangling. Moreover, the automation reduced errors, ensuring that reports were accurate and reliable. Beyond efficiency, VBA and scripts empowered users to customize their workflows. No longer confined to rigid software functionalities, they could tailor processes to their unique needs. This adaptability fostered innovation and a deeper understanding of the data itself. However, the journey wasn't without challenges. Learning to write and maintain scripts required training and a shift in mindset. Collaboration between IT professionals and end-users became essential to develop effective solutions that truly addressed business needs. In the end, VBA and scripts didn't just automate tasks—they bridged the divide between raw data and actionable insight. They transformed users from passive recipients of information into active participants in data-driven decision-making, proving that technology, when harnessed thoughtfully, can empower and elevate human potential.
B23: Goal Seek Grid — Medium
B24: Fill the 9×9 grid so each row, column, and 3×3 box contains 1–9.
H25: 4 | I25: 5
B26: 9 | C26: 3 | D26: 4 | F26: 6 | G26: 5 | I26: 1
B27: 5 | D27: 7 | G27: 8
B28: 4 | D28: 1 | F28: 8 | H28: 2 | J28: 5
B29: 2 | D29: 5 | E29: 4 | G29: 6 | J29: 1
B30: 3 | D30: 6 | E30: 2 | F30: 5 | H30: 7 | I30: 9
B31: 8 | E31: 5 | F31: 7 | I31: 4
B32: 7 | C32: 5 | D32: 9 | F32: 1 | G32: 4
D33: 3 | G33: 9 | H33: 5 | J33: 8
XX1000: 107015

Sheet N11
B2: LOOKUP LEDGER
B5: All the Excel that's fit to print — formulas, pivots, and puzzles
B6: Issue 603 | AB6: December 3, 2025 — Spreadsheet City
B7: Front Page – Functions & Features | K7: Data Desk – Pivots & Power Query | T7: Automation Alley – VBA & Scripts
B8: By Bill Jelen – MrExcel (MVP) | K8: By Mike Girvin – ExcelIsFun (MVP) | T8: By Jeff Weir (MVP)
B9: EXCEL'S TEXT FUNCTION: FORMATTING MADE EASY In the bustling world of spreadsheets, where numbers and data dance in endless rows and columns, there was a hero known to many but truly understood by few: Excel's TEXT function. This unassuming tool held the power to transform raw data into beautifully formatted information, making the complex simple and the mundane magnificent. Once upon a time, in a small office, a young analyst named Mia struggled with presenting her data. She had numbers that needed to be shown as dates, currencies, and percentages, but the default formats just wouldn't do. Her reports looked dull, and her boss was unimpressed. One day, while searching for a solution, Mia stumbled upon the TEXT function. It promised to convert numbers into text in any format she desired. Intrigued, she decided to give it a try. Mia started with a simple date. Her spreadsheet had a serial number representing a date, but it appeared as a strange number. Using =TEXT(A1, "mm/dd/yyyy"), she transformed it into a readable date format. The change was magical; the data was no longer cryptic but clear and professional. Encouraged, Mia moved on to currency. She had sales figures that needed to be displayed with dollar signs and two decimal places. With =TEXT(B1, "$#,##0.00"), the numbers took on a polished look, complete with commas and currency symbols. Percentages were next. Mia used =TEXT(C1, "0.00%") to convert decimal numbers into percentages with two decimal places. Her spreadsheet now told a story, each number formatted to perfection. The TEXT function became Mia's trusted companion. It allowed her to customize formats, combine text and numbers seamlessly, and create reports that dazzled her colleagues. No longer was she frustrated by rigid formatting; she was empowered to present data her way. Through her journey, Mia learned that Excel's TEXT function was more than just a tool—it was a bridge between raw data and meaningful information. It made formatting easy, flexible, and fun. And so, in the world of spreadsheets, the TEXT function stood as a beacon of clarity, helping users like Mia turn numbers into narratives, one format at a time. | K9: POWER QUERY: AUTOMATE YOUR DATA WORKFLOWS In the bustling world of data management, efficiency is king. Every day, professionals grapple with mountains of data, seeking ways to streamline their workflows and extract meaningful insights without drowning in manual tasks. Enter Power Query, a transformative tool that has revolutionized how data is handled, making automation accessible and intuitive. Power Query is more than just a feature; it's a gateway to automating data workflows. Imagine a scenario where a financial analyst receives daily sales reports from multiple regions. Manually consolidating, cleaning, and preparing this data for analysis could consume hours. With Power Query, this tedious process becomes a breeze. By setting up a query once, the analyst can refresh the data with a single click, instantly updating reports and dashboards. The magic lies in Power Query's ability to connect to various data sources—Excel files, databases, web pages, and more. It offers a user-friendly interface where users can filter, transform, and merge data without writing complex code. This democratizes data preparation, empowering even those without deep technical skills to automate their workflows. Consider the story of Maya, a marketing manager overwhelmed by the task of compiling campaign data from disparate platforms. She discovered Power Query and began crafting queries that automatically pulled data from social media, email marketing tools, and sales databases. What once took her an entire day now took minutes, freeing her to focus on strategy rather than spreadsheets. Beyond time savings, Power Query enhances data accuracy. Automation reduces human error, ensuring that reports are reliable and consistent. It also fosters collaboration, as queries can be shared and reused across teams, standardizing data processes. As businesses increasingly rely on data-driven decisions, tools like Power Query become indispensable. They not only automate repetitive tasks but also unlock the potential for deeper analysis and faster insights. Embracing Power Query means embracing a future where data workflows are seamless, efficient, and empowering. | T9: INNOVATIVE USES OF VBA IN FINANCIAL MODELING In the fast-paced world of finance, innovation is key to staying ahead. One of the unsung heroes behind many financial breakthroughs is Visual Basic for Applications, or VBA. This powerful programming language embedded within Excel has transformed the way financial analysts build and interact with models. Traditionally, financial modeling involved manual data entry and static spreadsheets, which were prone to errors and time-consuming updates. VBA changed this landscape by automating repetitive tasks, enabling dynamic scenario analysis, and enhancing data visualization. One innovative use of VBA is in automating complex calculations that would otherwise require multiple manual steps. For instance, analysts can write VBA macros to automatically update cash flow projections based on changing assumptions, saving hours of work and reducing errors. Another groundbreaking application is the creation of interactive dashboards. With VBA, financial models can include buttons, sliders, and input forms that allow users to adjust variables and instantly see the impact on key metrics. This interactivity facilitates better decision-making and more engaging presentations. Moreover, VBA enables integration with external data sources. Financial models can be programmed to pull real-time market data, exchange rates, or economic indicators directly into Excel, ensuring that analyses are based on the most current information. Risk management has also benefited from VBA innovations. Analysts can develop Monte Carlo simulations and stress tests within their models, running thousands of scenarios automatically to assess potential outcomes and vulnerabilities. Despite the rise of specialized financial software, VBA remains a versatile and accessible tool. Its ability to customize and extend Excel's functionality empowers financial professionals to tailor models to their unique needs. In conclusion, the innovative uses of VBA in financial modeling have revolutionized the field by enhancing efficiency, accuracy, and interactivity. As financial markets continue to evolve, VBA will undoubtedly remain a vital asset for analysts seeking to unlock deeper insights and drive smarter decisions.
K23: Solver’s Sudoku — Easy
K24: Fill the 9×9 grid so each row, column, and 3×3 box contains 1–9.
L25: 4 | N25: 6 | O25: 8 | P25: 3 | R25: 5 | S25: 9
N26: 5 | Q26: 2
N27: 1 | O27: 2 | R27: 6 | S27: 3
K28: 2 | M28: 4 | S28: 6
L29: 1 | O29: 9 | P29: 6 | R29: 2
K30: 7 | O30: 4 | P30: 5 | R30: 8
M31: 6 | N31: 4 | O31: 5 | P31: 7 | Q31: 1
O32: 6 | P32: 8 | Q32: 5
K33: 4 | L33: 7 | M33: 5 | N33: 3 | O33: 1 | P33: 2 | S33: 8
XX1000: 107015

Sheet N12
B2: MACRO MONITOR
B5: All the Excel that's fit to print — formulas, pivots, and puzzles
B6: Issue 259 | AB6: December 3, 2025 — Spreadsheet City
B7: Front Page – Functions & Features | K7: Data Desk – Pivots & Power Query | T7: Automation Alley – VBA & Scripts
B8: By Bob Umlas (MVP) | K8: By Jeff Weir (MVP) | T8: By Oz du Soleil (MVP)
B9: EXCEL FUNCTIONS FOR STATISTICAL ANALYSIS EXPLAINED In the bustling world of data, numbers often tell stories that words cannot. For analysts, students, and professionals alike, Excel has become an indispensable tool, especially when it comes to statistical analysis. Understanding Excel functions for statistical analysis can transform raw data into meaningful insights. Imagine Sarah, a marketing analyst, who recently received a massive dataset from a recent campaign. She needed to understand customer behavior patterns quickly. Instead of manually crunching numbers, she turned to Excel's statistical functions. First, Sarah used the AVERAGE function to find the mean sales per customer. This gave her a quick snapshot of typical customer spending. Next, she applied the MEDIAN function to understand the middle value, which helped her identify if the data was skewed by extreme values. To measure variability, Sarah used the STDEV.P function, which calculates the standard deviation for an entire population. This helped her understand how spread out the sales figures were. For a sample subset, she used STDEV.S, which is tailored for sample data. Sarah also explored the CORREL function to find correlations between advertising spend and sales. This function provided a correlation coefficient, indicating the strength and direction of the relationship between two variables. For hypothesis testing, she utilized the T.TEST function to compare means between two groups, helping her determine if observed differences were statistically significant. Excel's COUNTIF and COUNTIFS functions allowed Sarah to count the number of entries meeting specific criteria, such as customers from a particular region or those who purchased a certain product. By mastering these functions, Sarah transformed overwhelming data into actionable insights, enabling her company to tailor marketing strategies effectively. Excel's statistical functions are powerful allies in data analysis. Whether calculating averages, measuring variability, testing hypotheses, or finding correlations, these tools simplify complex statistical concepts, making data-driven decisions accessible to all. | K9: ADVANCED PIVOT TABLE TECHNIQUES FOR PROFESSIONALS In the bustling world of data analysis, professionals constantly seek ways to extract deeper insights from their datasets. Among the myriad tools available, pivot tables stand out as a powerful ally. Yet, mastering advanced pivot table techniques can transform a simple summary into a dynamic, insightful report. Meet Alex, a seasoned data analyst at a multinational firm. Tasked with presenting quarterly sales data, Alex knew that a basic pivot table wouldn't suffice. Instead, Alex delved into advanced features to craft a compelling narrative. First, Alex employed calculated fields to create custom metrics, such as profit margins and growth rates, directly within the pivot table. This eliminated the need for external calculations and ensured real-time updates as data changed. Next, Alex utilized slicers and timelines to add interactive filters. These tools allowed stakeholders to effortlessly explore data by region, product line, or time period, making the report both user-friendly and insightful. To handle large datasets, Alex leveraged the power of the Data Model and Power Pivot. By integrating multiple tables and establishing relationships, Alex created a comprehensive view that combined sales, inventory, and customer feedback. Conditional formatting was another technique Alex applied to highlight trends and outliers. Color scales and icon sets drew attention to key performance indicators, enabling quick decision-making. Finally, Alex automated the refresh process using VBA macros, ensuring that the pivot tables always reflected the latest data without manual intervention. Through these advanced techniques, Alex transformed raw data into a strategic asset, impressing management and driving informed decisions. The story of Alex underscores the potential of pivot tables when wielded with expertise, inspiring professionals to elevate their data analysis skills. | T9: AUTOMATING REPORTS WITH VBA SCRIPTS: A STEP-BY-STEP GUIDE In the bustling world of data management, efficiency is king. Every day, professionals grapple with mountains of information, striving to transform raw data into insightful reports. One powerful tool that has revolutionized this process is VBA scripting within Excel. This story unfolds the journey of Emma, a diligent analyst, who mastered the art of automating reports using VBA scripts. Emma's days were once consumed by repetitive tasks—copying data, formatting sheets, and generating reports manually. The monotony drained her creativity and left little room for strategic analysis. Determined to reclaim her time, she embarked on learning VBA, a programming language embedded in Excel designed to automate tasks. Her first step was understanding the basics. Emma explored the Visual Basic Editor, familiarizing herself with its interface. She learned to record macros, capturing sequences of actions to replay later. This hands-on approach demystified the scripting process, revealing how simple commands could perform complex operations. Next, Emma tackled writing her own scripts. She started with a script to import data from multiple sources, consolidating them into a single worksheet. By defining variables and loops, she automated data extraction, eliminating hours of manual copying. Formatting was her next challenge. Emma scripted commands to apply consistent styles—setting fonts, colors, and borders—ensuring her reports were not only accurate but visually appealing. She incorporated conditional formatting to highlight key metrics, making insights pop. To enhance usability, Emma added interactive elements. She programmed buttons to trigger report generation, allowing users to update data with a single click. Error handling routines were implemented to alert users of missing or incorrect data, improving reliability. Testing and refining her scripts became a routine. Emma debugged errors, optimized code for speed, and documented her work for future reference. Her perseverance paid off as report generation time shrank from hours to minutes. Emma's journey illustrates the transformative power of VBA scripting. By automating reports, she unlocked efficiency, accuracy, and creativity. Her story inspires professionals to embrace automation, turning tedious tasks into opportunities for innovation.
T23: Freeze Panes Frenzy — Medium
T24: Fill the 9×9 grid so each row, column, and 3×3 box contains 1–9.
U25: 8 | V25: 4 | W25: 9 | Y25: 3
U26: 9 | W26: 1 | X26: 5 | AB26: 8
T27: 2 | U27: 1 | W27: 8 | X27: 4 | Y27: 6
Z28: 8 | AB28: 6
Y29: 4 | Z29: 1 | AA29: 7 | AB29: 2
T30: 7 | U30: 2 | V30: 1 | AA30: 4
V31: 3 | W31: 7 | X31: 2 | Y31: 9 | Z31: 6
U32: 5 | V32: 6 | X32: 3 | Y32: 8 | AA32: 9
T33: 9 | V33: 2 | Z33: 3 | AA33: 8
XX1000: 107015

Sheet N13
B2: WORKSHEET WORLD
B5: All the Excel that's fit to print — formulas, pivots, and puzzles
B6: Issue 801 | AB6: December 3, 2025 — Spreadsheet City
B7: Ribbon Runaround — Easy | K7: Data Desk – Pivots & Power Query | T7: Automation Alley – VBA & Scripts
B8: Fill the 9×9 grid so each row, column, and 3×3 box contains 1–9. | K8: By Chris Webb (MVP) | T8: By Wyn Hopkins (MVP)
B9: 5 | C9: 7 | D9: 4 | E9: 9 | F9: 1 | G9: 6 | K9: INTEGRATING POWER QUERY WITH PIVOT TABLES FOR BETTER INSIGHTS In the bustling world of data analysis, Emma was a rising star at her company. She was known for her keen eye for detail and her ability to transform raw data into compelling stories. However, as the volume and complexity of data grew, Emma found herself struggling to keep up with the demands of her role. She needed a solution that could streamline her workflow and provide deeper insights without consuming endless hours. One day, while attending a data analytics workshop, Emma was introduced to the powerful combination of Power Query and Pivot Tables. Intrigued, she decided to explore how integrating these tools could revolutionize her approach to data. Power Query allowed Emma to effortlessly extract, transform, and load data from various sources. She could clean and reshape her datasets with just a few clicks, eliminating the tedious manual work she used to endure. With Power Query, she automated the data preparation process, ensuring consistency and accuracy every time. Once her data was primed, Emma turned to Pivot Tables to analyze and visualize the information. Pivot Tables offered a dynamic way to summarize large datasets, enabling her to uncover trends, patterns, and outliers quickly. By connecting her cleaned data from Power Query directly to Pivot Tables, Emma created a seamless pipeline that updated automatically whenever new data arrived. This integration empowered Emma to generate insightful reports faster than ever before. She could slice and dice data across multiple dimensions, compare metrics, and drill down into specifics with ease. Her presentations became more impactful, backed by reliable and up-to-date information. Moreover, Emma's colleagues noticed the improvement and sought her guidance. She organized training sessions to share her newfound knowledge, fostering a culture of data-driven decision-making within her team. Through the synergy of Power Query and Pivot Tables, Emma transformed her data challenges into opportunities. She not only enhanced her productivity but also elevated the quality of insights delivered to stakeholders. This experience underscored the importance of leveraging the right tools to unlock the full potential of data in today's fast-paced business environment. | T9: THE ROLE OF VBA IN CUSTOMIZING MICROSOFT OFFICE In the bustling world of office productivity, Microsoft Office stands as a towering giant, empowering millions to create, analyze, and communicate. Yet, beneath its polished interface lies a powerful tool that transforms ordinary users into creators of tailored solutions: Visual Basic for Applications, or VBA. VBA is the unsung hero that breathes life into Microsoft Office applications. It allows users to automate repetitive tasks, customize functionalities, and build complex workflows that fit unique business needs. Imagine a financial analyst who spends hours every week formatting reports. With VBA, a simple macro can automate this process, saving precious time and reducing errors. The beauty of VBA lies in its accessibility. Unlike standalone programming languages, VBA is embedded within Office applications like Excel, Word, and Access. This integration means users can write code directly within the familiar environment, bridging the gap between user and developer. Customization through VBA extends beyond automation. It enables the creation of user-defined functions, interactive forms, and dynamic dashboards. For instance, a project manager can design a custom form in Excel to track project milestones, complete with buttons and input fields that streamline data entry. Moreover, VBA fosters interoperability among Office applications. A macro can extract data from Outlook emails, process it in Excel, and generate a Word report—all seamlessly. This interconnectedness enhances productivity and enables complex business processes to be managed within a single ecosystem. However, with great power comes responsibility. VBA scripts can pose security risks if sourced from untrusted origins. Microsoft Office includes security settings to manage macro execution, ensuring users maintain control over their environment. In essence, VBA transforms Microsoft Office from a static suite of tools into a dynamic platform tailored to individual and organizational needs. It empowers users to innovate, automate, and optimize their workflows, making it an indispensable asset in the modern workplace. As technology evolves, the role of VBA remains significant, bridging the gap between user expertise and software capabilities. Its ability to customize and extend Microsoft Office ensures that the suite continues to adapt, meeting the ever-changing demands of its diverse user base.
B10: 3 | C10: 6 | D10: 9 | E10: 2 | F10: 7 | H10: 4
C11: 2 | H11: 7 | I11: 9
B12: 9 | C12: 4 | E12: 7 | G12: 2
E13: 4 | F13: 3
B14: 1 | F14: 6 | H14: 8 | I14: 7 | J14: 4
E15: 6 | F15: 2 | I15: 1 | J15: 9
B16: 6 | C16: 9 | F16: 4 | G16: 7 | I16: 2 | J16: 8
B17: 2 | E17: 8 | G17: 3 | H17: 6
B18: Front Page – Functions & Features
B19: By Bill Jelen – MrExcel (MVP)
B20: AUTOMATE YOUR TASKS WITH EXCEL MACROS AND VBA In the bustling world of data management, Sarah found herself overwhelmed by repetitive tasks that consumed her workdays. Every morning, she would spend hours sorting through spreadsheets, formatting data, and generating reports. One day, a colleague introduced her to the power of Excel Macros and VBA, promising a way to automate these tedious processes. Intrigued, Sarah began exploring the world of macros. She learned that macros are sequences of instructions that can be recorded and played back to perform repetitive tasks automatically. With a few clicks, she recorded a macro that formatted her sales data, saving her precious time. Eager to do more, Sarah delved into VBA, the programming language behind Excel macros. She discovered that VBA allowed her to write custom scripts to handle complex tasks beyond simple recordings. With VBA, she could create buttons that, when clicked, would generate comprehensive reports, send emails, and even update databases. As Sarah's skills grew, so did her efficiency. Tasks that once took hours were now completed in minutes. Her newfound expertise not only boosted her productivity but also impressed her team and supervisors. She became the go-to person for automating workflows, transforming the way her department operated. Through dedication and learning, Sarah unlocked the potential of Excel Macros and VBA, turning tedious tasks into seamless automated processes. Her story is a testament to how embracing technology can empower individuals to work smarter, not harder.
XX1000: 107015

Sheet N14
B2: DATA MODEL DISPATCH
B5: All the Excel that's fit to print — formulas, pivots, and puzzles
B6: Issue 364 | AB6: December 3, 2025 — Spreadsheet City
B7: Front Page – Functions & Features | K7: Worksheet Whisper — Hard | T7: Automation Alley – VBA & Scripts
B8: By Ken Puls (MVP) | K8: Fill the 9×9 grid so each row, column, and 3×3 box contains 1–9. | T8: By Debra Dalgleish (MVP)
B9: HOW TO USE EXCEL'S INDEX AND MATCH FUNCTIONS TOGETHER In the bustling world of data management, Excel stands as a powerful ally for professionals and enthusiasts alike. Among its many functions, INDEX and MATCH are two of the most versatile tools, especially when combined. This story explores how these functions work together to unlock the potential of your spreadsheets. Once upon a time, in a small office, there was an analyst named Emma. She was tasked with managing a large dataset containing sales figures for various products across different regions. Emma needed a way to quickly find specific information without scrolling endlessly through rows and columns. Emma knew about the VLOOKUP function but found it limiting because it required the lookup value to be in the first column. She wanted a more flexible solution. That's when she discovered the power of combining INDEX and MATCH. The INDEX function returns the value of a cell in a table based on the row and column numbers you specify. On the other hand, MATCH searches for a specified item in a range and returns its relative position. By using MATCH to find the position and INDEX to retrieve the value, Emma could perform lookups in any direction. For example, Emma had a list of products in column A and their sales figures in column C. To find the sales for a specific product, she used MATCH to locate the product's row number and then INDEX to get the sales figure from column C. The formula looked like this: =INDEX(C:C, MATCH("ProductName", A:A, 0)). This combination allowed Emma to create dynamic and efficient spreadsheets. She could now easily update her data and retrieve information without worrying about the layout. The flexibility of INDEX and MATCH also meant she could handle more complex scenarios, such as two-way lookups. Emma's newfound skills impressed her colleagues, and she shared her knowledge in a workshop. She explained that while VLOOKUP is simpler, INDEX and MATCH offer greater power and adaptability, especially for large or complex datasets. In the end, Emma's mastery of Excel's INDEX and MATCH functions transformed her workflow, saving time and reducing errors. Her story is a testament to the value of learning and applying versatile tools to solve everyday challenges in data management. | L9: 2 | O9: 4 | R9: 7 | T9: SCRIPTS AND VBA: ENHANCING WORKFLOW EFFICIENCY In the bustling world of modern offices, efficiency is king. Among the many tools that professionals use to streamline their tasks, scripts and Visual Basic for Applications (VBA) stand out as powerful allies. These tools transform repetitive, time-consuming processes into automated workflows, freeing up valuable time and reducing errors. Emma, a financial analyst at a mid-sized firm, was no stranger to the daily grind of data entry and report generation. Every week, she spent hours compiling data from various sources into Excel spreadsheets, formatting them, and creating charts for presentations. The monotony was draining, and the risk of human error loomed large. One day, Emma decided to explore the world of VBA. She started with simple scripts that automated the import of data from CSV files. With a few lines of code, she could pull in data with a single click, eliminating the tedious copy-paste routine. Encouraged, she delved deeper, learning to write macros that formatted her reports automatically, applied consistent styles, and generated charts based on the latest data. The impact was immediate. Tasks that once took hours were now completed in minutes. Emma's reports were not only faster to produce but also more accurate and visually appealing. Her colleagues noticed the improvement, and soon, she was sharing her scripts with the team, helping others enhance their workflows. Beyond the office, Emma's newfound skills opened doors to new projects and responsibilities. She began developing custom tools tailored to the firm's unique needs, integrating data from multiple systems and creating dashboards that provided real-time insights. The efficiency gains translated into better decision-making and a more agile business. Scripts and VBA are more than just coding languages; they are catalysts for transformation. They empower users to take control of their work, reduce manual effort, and focus on higher-value activities. In a world where time is precious, mastering these tools can be the key to unlocking productivity and innovation. Emma's journey illustrates the potential of scripts and VBA to revolutionize workflows. With curiosity and a willingness to learn, anyone can harness these technologies to enhance efficiency and make their workday more rewarding.
K10: 5 | P10: 8 | S10: 1
L11: 7 | N11: 6 | O11: 2 | P11: 1 | R11: 4
L12: 9 | N12: 7 | O12: 8 | P12: 5 | Q12: 2 | R12: 1 | S12: 3
L13: 1 | Q13: 7 | R13: 8 | S13: 5
L14: 8 | M14: 5 | O14: 1 | P14: 3
Q15: 9 | R15: 6 | S15: 2
M16: 2 | O16: 5 | P16: 4 | R16: 3 | S16: 7
K17: 1 | M17: 7
K18: Data Desk – Pivots & Power Query
K19: By Mike Girvin – ExcelIsFun (MVP)
K20: EXCEL POWER QUERY: A GAME CHANGER FOR DATA ANALYSTS In the bustling world of data analysis, where numbers and insights dictate decisions, a new hero emerged: Excel Power Query. For years, analysts grappled with tedious data cleaning, endless manual transformations, and the constant fear of errors creeping into their reports. But Power Query changed the game entirely. Emma, a seasoned data analyst, had always relied on traditional Excel functions and VBA macros to manage her datasets. While effective, these methods were time-consuming and often required repetitive work whenever new data arrived. One day, a colleague introduced her to Power Query, a tool embedded within Excel designed to simplify data importation, transformation, and automation. Curious, Emma decided to explore this new feature. She discovered that Power Query allowed her to connect to various data sources effortlessly—be it databases, CSV files, or web pages. More importantly, it provided a user-friendly interface to clean and reshape data without writing complex code. Tasks that once took hours could now be completed in minutes. Emma began using Power Query to automate her monthly sales reports. Instead of manually copying and pasting data, she set up queries that refreshed with a single click, pulling the latest figures and applying consistent transformations. This not only saved her time but also reduced errors, ensuring her reports were accurate and reliable. As Emma mastered Power Query, she realized its potential extended beyond her own work. She shared her knowledge with her team, transforming their workflow and boosting overall productivity. The team could now focus more on analyzing insights rather than wrestling with data preparation. Power Query also fostered collaboration. Queries could be shared and reused, creating standardized processes across departments. This consistency improved data governance and made audits smoother. In the ever-evolving landscape of data analytics, tools like Excel Power Query empower professionals to work smarter, not harder. For Emma and countless analysts like her, it truly was a game changer—turning complex data challenges into streamlined solutions and unlocking new possibilities for informed decision-making.
XX1000: 107015

Sheet N15
B2: TABLE TRIBUNE
B5: All the Excel that's fit to print — formulas, pivots, and puzzles
B6: Issue 710 | AB6: December 3, 2025 — Spreadsheet City
B7: Front Page – Functions & Features | K7: Data Desk – Pivots & Power Query | T7: Macro Maze — Easy
B8: By Mike Girvin – ExcelIsFun (MVP) | K8: By Liam Bastick (MVP) | T8: Fill the 9×9 grid so each row, column, and 3×3 box contains 1–9.
B9: EXCEL TIPS: PROTECTING YOUR WORKSHEETS AND DATA In the bustling world of spreadsheets, where numbers dance and data flows, protecting your work is paramount. Imagine Sarah, a diligent analyst, who once lost hours of work due to an accidental overwrite. Determined to safeguard her efforts, she embarked on a journey to master Excel's protection features. Sarah discovered that Excel offers robust tools to shield worksheets and data from unintended changes. She learned to use the 'Protect Sheet' feature, which allows users to lock specific cells or entire sheets, preventing others from editing critical information. By setting a password, she ensured that only authorized personnel could make modifications. Next, Sarah explored 'Protect Workbook,' a feature that guards the structure of her Excel file. This prevented colleagues from adding, deleting, or moving sheets without permission, maintaining the integrity of her organized data. To protect sensitive data, Sarah utilized cell locking combined with hiding formulas. This way, the calculations remained confidential, and users could only view the results without tampering. She also embraced the practice of regularly backing up her files and using version control. This strategy provided a safety net, allowing her to restore previous versions if needed. Through these measures, Sarah transformed her Excel experience. Her worksheets became secure fortresses, her data reliable and intact. The lessons she learned not only saved her time but also built trust among her team, who appreciated the professionalism and care she invested in her work. In the end, protecting your worksheets and data in Excel is not just about preventing errors; it's about preserving the value of your hard work and ensuring accuracy in every cell. Like Sarah, anyone can master these tips and turn their spreadsheets into secure, efficient tools for success. | K9: PIVOT TABLES: FROM BASICS TO ADVANCED FEATURES In the bustling world of data analysis, pivot tables stand as one of the most powerful tools for transforming raw data into meaningful insights. Imagine Sarah, a young analyst eager to make sense of her company's sales figures. At first, she was overwhelmed by the sheer volume of numbers, but then she discovered pivot tables. Starting with the basics, Sarah learned how to create a simple pivot table. She selected her data range, inserted a pivot table, and began dragging fields into rows and columns. Suddenly, the chaotic spreadsheet transformed into a clear summary showing total sales by region. This newfound clarity empowered her to identify which areas were performing well and which needed attention. As Sarah grew more confident, she explored advanced features. She discovered how to group dates into months and quarters, making time-based trends easier to spot. She learned to add calculated fields, enabling her to compute profit margins directly within the pivot table. Sorting and filtering options allowed her to focus on top-performing products or specific customer segments. One day, Sarah faced a complex challenge: analyzing sales data across multiple dimensions, including product categories, sales channels, and customer demographics. Using slicers, she created interactive filters that let her and her team dynamically explore the data. With conditional formatting, she highlighted key trends and outliers, making presentations more impactful. Sarah's journey with pivot tables transformed her from a data novice into a skilled analyst. She realized that mastering both the basics and advanced features unlocked the full potential of her data, driving smarter business decisions. Pivot tables became not just a tool, but a trusted ally in her quest to turn numbers into knowledge. | T9: 3 | U9: 7 | W9: 8 | X9: 1 | AA9: 9 | AB9: 5
U10: 5 | V10: 1 | X10: 9 | Y10: 6 | Z10: 8 | AB10: 3
T11: 9 | V11: 8 | X11: 5 | Y11: 7 | AA11: 1
Y12: 8 | Z12: 5 | AA12: 6
T13: 8 | X13: 3 | AA13: 2 | AB13: 9
T14: 5 | V14: 7 | Z14: 3 | AB14: 8
U15: 8 | X15: 7 | Z15: 6 | AA15: 5 | AB15: 1
T16: 6 | U16: 4 | Z16: 7
U17: 1 | V17: 3 | W17: 5 | Z17: 9 | AB17: 4
T18: Automation Alley – VBA & Scripts
T19: By Oz du Soleil (MVP)
T20: COMMON MISTAKES TO AVOID WHEN WRITING VBA SCRIPTS Writing VBA scripts can be a powerful way to automate tasks in Microsoft Office applications, but it’s easy to fall into common pitfalls that can make your code inefficient or error-prone. Understanding these mistakes and how to avoid them will help you write cleaner, more reliable scripts. One frequent mistake is neglecting to declare variables explicitly. Without proper declarations, variables can be misused or misspelled, leading to unexpected behavior. Using Option Explicit at the beginning of your modules forces you to declare all variables, which helps catch errors early. Another common error is failing to handle errors gracefully. VBA scripts can encounter runtime errors due to unexpected input or conditions. Incorporating error handling routines using On Error statements allows your script to manage these situations without crashing, providing a better user experience. Many beginners also overlook the importance of commenting their code. Comments explain the purpose of code blocks and make maintenance easier. Without comments, scripts become difficult to understand and modify, especially for others or when revisited after some time. Inefficient looping structures are another area where mistakes occur. Using loops that iterate more times than necessary or not exiting loops when conditions are met can slow down your script. Optimizing loops and using built-in functions when possible improves performance. Additionally, hardcoding values instead of using variables or constants reduces flexibility. If you need to change a value, you must edit the code in multiple places, increasing the chance of errors. Defining constants or reading values from cells or user input makes your scripts adaptable. Finally, neglecting to clean up objects like workbook or worksheet references can cause memory leaks or unexpected behavior. Always set object variables to Nothing when done to release resources properly. By being mindful of these common mistakes—declaring variables, handling errors, commenting code, optimizing loops, avoiding hardcoding, and cleaning up objects—you can write VBA scripts that are robust, efficient, and easier to maintain. Taking the time to learn and apply these best practices will pay off in the long run, making your automation projects more successful and less frustrating.
XX1000: 107015

Sheet N16
B2: RANGE REVIEW
B5: All the Excel that's fit to print — formulas, pivots, and puzzles
B6: Issue 938 | AB6: December 3, 2025 — Spreadsheet City
B7: Front Page – Functions & Features | K7: Data Desk – Pivots & Power Query | T7: Automation Alley – VBA & Scripts
B8: By Liam Bastick (MVP) | K8: By Jon Peltier (MVP) | T8: By Chris Webb (MVP)
B9: CREATING INTERACTIVE DASHBOARDS WITH EXCEL FEATURES In the bustling world of data analysis, Sarah found herself overwhelmed by the sheer volume of information her company generated daily. She knew that presenting this data in a clear and engaging way was crucial for decision-making. One afternoon, she decided to explore Excel's powerful features to create an interactive dashboard that could transform raw numbers into insightful visuals. Sarah began by organizing her data into structured tables, ensuring each dataset was clean and consistent. She then utilized Excel's PivotTables to summarize complex information effortlessly. The real magic, however, came with the introduction of slicers and timelines. These tools allowed her to add interactive filters, enabling users to drill down into specific time periods or categories with just a click. To enhance the visual appeal, Sarah incorporated conditional formatting, which highlighted key trends and outliers automatically. She also embedded charts that dynamically updated based on the selected filters, providing a real-time snapshot of performance metrics. By linking form controls like drop-down menus and checkboxes, she gave users the flexibility to customize their view according to their needs. Throughout the process, Sarah tested the dashboard extensively, ensuring it was intuitive and responsive. She added descriptive labels and tooltips to guide users, making the experience seamless even for those less familiar with Excel. When she finally presented the dashboard to her team, the response was overwhelmingly positive. The interactive elements not only made the data more accessible but also fostered deeper engagement and informed discussions. This project marked a turning point for Sarah and her company. By leveraging Excel's interactive features, she transformed static reports into dynamic tools that empowered stakeholders to make data-driven decisions confidently. Her journey demonstrated that with creativity and the right tools, even complex data could tell a compelling story. | K9: HOW TO COMBINE MULTIPLE DATA SOURCES USING POWER QUERY In the bustling world of data management, professionals often face the challenge of consolidating information from various sources. Power Query, a powerful tool integrated into Excel, offers a seamless solution to this problem. Imagine a data analyst named Sarah, who was tasked with merging sales data from multiple regional offices, each using different formats and systems. Sarah began by opening Excel and navigating to the Power Query editor. She connected to the first data source, a CSV file containing sales figures from the North region. Power Query effortlessly imported the data, allowing her to preview and clean it by removing unnecessary columns and correcting data types. Next, she connected to an Excel workbook from the South region. Despite the different format, Power Query's intuitive interface made it easy to import and transform this data to match the structure of the first source. Sarah repeated this process for the East and West regions, each time using Power Query's robust transformation tools to ensure consistency. With all data sources imported and cleaned, Sarah used Power Query's append feature to combine the datasets into a single, unified table. This consolidated view provided a comprehensive picture of the company's sales performance across all regions. Finally, Sarah loaded the combined data back into Excel, where she created pivot tables and charts to analyze trends and generate reports. Thanks to Power Query, what once was a tedious and error-prone task became a streamlined and efficient process. Through Sarah's experience, it's clear that Power Query empowers users to combine multiple data sources with ease, transforming disparate data into actionable insights. Whether dealing with CSV files, Excel workbooks, or databases, Power Query's versatility and user-friendly interface make it an indispensable tool for modern data analysis. | T9: VBA SCRIPTING: A GAME CHANGER FOR DATA ANALYSTS In the bustling world of data analysis, where numbers and trends dictate decisions, a quiet revolution was underway. Emma, a seasoned data analyst, had always relied on traditional methods to sift through mountains of data. But the tedious, repetitive tasks often left her drained and yearning for a more efficient way. One day, while attending a workshop, Emma was introduced to VBA scripting. At first, the concept seemed daunting—a programming language embedded within Excel, promising automation and customization. Skeptical yet intrigued, she decided to explore its potential. Emma began with simple scripts, automating mundane tasks like formatting reports and consolidating data from multiple sheets. The immediate time savings were astonishing. Encouraged, she delved deeper, crafting complex macros that could analyze datasets, generate pivot tables, and even create dynamic dashboards. Her newfound skills transformed her workflow. What once took hours now took minutes, freeing her to focus on interpreting results and strategizing. Colleagues noticed her efficiency and sought her guidance, sparking a culture of learning and innovation within her team. Beyond personal gains, VBA scripting empowered Emma to tackle challenges previously deemed too cumbersome. She automated error-checking processes, ensuring data integrity, and developed tools that adapted to evolving business needs. The flexibility and power of VBA became indispensable assets in her analytical arsenal. Emma's journey illuminated a broader truth: VBA scripting was more than just a tool; it was a game changer for data analysts. It bridged the gap between raw data and actionable insights, enabling professionals to harness technology creatively and effectively. In a landscape where data is king, mastering VBA scripting offered a competitive edge, transforming analysts from mere number crunchers to strategic innovators. Emma's story is a testament to the transformative power of embracing new skills and the endless possibilities that lie within the realm of automation.
B23: Pivoted Nine — Medium
B24: Fill the 9×9 grid so each row, column, and 3×3 box contains 1–9.
B25: 7 | C25: 2 | F25: 5 | I25: 4
C26: 9 | E26: 1 | G26: 7 | J26: 3
C27: 1 | D27: 3 | E27: 8 | G27: 6 | I27: 5 | J27: 9
D28: 4 | E28: 2 | F28: 7 | G28: 9 | H28: 6
C29: 3 | F29: 8 | G29: 1 | H29: 5 | J29: 7
D30: 7 | G30: 5 | H30: 4 | I30: 9 | J30: 1
C31: 4 | D31: 2 | F31: 1 | I31: 7 | J31: 5
B32: 8 | E32: 7 | G32: 2 | I32: 1 | J32: 4
D33: 1 | F33: 9 | G33: 4 | H33: 8 | I33: 6 | J33: 2
XX1000: 107015

Sheet N17
B2: SPREADSHEET STANDARD
B5: All the Excel that's fit to print — formulas, pivots, and puzzles
B6: Issue 49 | AB6: December 3, 2025 — Spreadsheet City
B7: Front Page – Functions & Features | K7: Data Desk – Pivots & Power Query | T7: Automation Alley – VBA & Scripts
B8: By Wyn Hopkins (MVP) | K8: By Dick Kusleika (MVP) | T8: By Purna 'Chandoo' Duggirala (MVP)
B9: EXCEL'S CONCATENATE FUNCTION: COMBINING DATA SEAMLESSLY In the bustling world of data management, where numbers and text often intermingle, the need to combine information efficiently is paramount. Excel, a trusted companion for millions, offers a powerful tool to address this very challenge: the CONCATENATE function. Once upon a time, in a small office filled with spreadsheets and reports, a diligent analyst named Mia faced a daunting task. She had two columns of data—first names in one and last names in another—and needed to merge them into a single column for a client presentation. Manually typing each full name was tedious and error-prone. Discovering Excel's CONCATENATE function was a turning point. This function allowed Mia to seamlessly join text from multiple cells into one. By simply writing =CONCATENATE(A2, " ", B2), she combined the first and last names with a space in between, creating a polished full name instantly. The beauty of CONCATENATE lay in its simplicity and versatility. Mia realized she could use it to merge addresses, combine product codes, or even create custom messages by joining static text with cell values. This function transformed her workflow, saving hours and reducing mistakes. As Mia shared her newfound knowledge with colleagues, the office embraced CONCATENATE as a staple in their data toolkit. Reports became clearer, mailing lists more accurate, and presentations more professional. The function's ability to blend data seamlessly bridged gaps between disparate pieces of information. Over time, Excel introduced newer functions like TEXTJOIN and CONCAT, offering enhanced capabilities. Yet, CONCATENATE remained a beloved classic, a testament to Excel's commitment to empowering users with practical solutions. In the end, the CONCATENATE function was more than just a formula; it was a symbol of efficiency and creativity in data handling. For Mia and countless others, it turned the complex task of combining data into a simple, elegant process, proving that sometimes, the right tool can make all the difference. | K9: VISUALIZING DATA TRENDS WITH PIVOT TABLES In the bustling city of DataVille, analysts and business professionals constantly sought ways to make sense of the overwhelming amounts of information flooding their screens. Among the many tools at their disposal, one stood out for its simplicity and power: the pivot table. Emma, a young data analyst, had recently joined a marketing firm struggling to understand customer behavior. The company had vast datasets but lacked the means to extract meaningful insights. Emma knew that pivot tables could transform raw data into clear, actionable trends. She began by importing the sales data into her spreadsheet. The numbers were daunting—thousands of rows detailing purchases, dates, regions, and product categories. At first glance, the data was a tangled web, impossible to decipher. With a few clicks, Emma created a pivot table. She dragged the 'Region' field to the rows area and 'Product Category' to the columns. Then, she placed 'Sales Amount' in the values section, summarizing the data by sum. Instantly, a clear matrix appeared, showing which products performed best in each region. But Emma didn't stop there. She added a timeline filter for the sales dates, allowing her to observe trends over months. By adjusting the timeline, she noticed a surge in outdoor equipment sales during spring and summer, while indoor games peaked in winter. The pivot table became a dynamic dashboard, enabling Emma to slice and dice the data effortlessly. She could filter by customer demographics, compare year-over-year growth, and even identify underperforming products. Her presentations to the marketing team were met with enthusiasm. The visual clarity of the pivot tables helped stakeholders grasp complex trends quickly, leading to informed decisions on inventory and promotions. Emma's mastery of pivot tables not only illuminated hidden patterns but also empowered her company to strategize effectively. In a world awash with data, the humble pivot table proved to be a beacon, guiding businesses through the maze of information toward success. | T9: EXPLORING ADVANCED VBA TECHNIQUES FOR AUTOMATION In the bustling world of data management and office productivity, automation has become the cornerstone of efficiency. Among the myriad tools available, Visual Basic for Applications (VBA) stands out as a powerful ally for those seeking to streamline repetitive tasks within Microsoft Office applications. This story follows Alex, a diligent analyst, who embarks on a journey to master advanced VBA techniques to revolutionize his workflow. Alex had always been fascinated by the potential of automation. While he was comfortable with basic macros, he knew that to truly harness the power of VBA, he needed to delve deeper. His quest began with understanding the intricacies of object-oriented programming within VBA, learning how to manipulate objects, properties, and methods to create dynamic and flexible code. One of the first challenges Alex tackled was automating report generation. Instead of manually compiling data from multiple worksheets, he wrote a VBA script that looped through each sheet, extracted relevant information, and consolidated it into a comprehensive summary. This not only saved hours of tedious work but also minimized errors. Eager to enhance his skills, Alex explored error handling techniques. He implemented robust error-catching routines using 'On Error' statements, ensuring that his macros could gracefully handle unexpected issues without crashing. This made his automation solutions more reliable and user-friendly. Next, Alex ventured into integrating VBA with other Office applications. By leveraging the power of Automation, he created scripts that pulled data from Excel, formatted it in Word documents, and even sent personalized emails through Outlook. This cross-application synergy opened new horizons for his projects. To optimize performance, Alex learned about efficient coding practices, such as avoiding unnecessary screen updates and disabling events during macro execution. These tweaks significantly sped up his automation processes. Throughout his journey, Alex also discovered the importance of user interaction. He incorporated input boxes, message prompts, and custom forms to make his macros interactive and adaptable to different scenarios. By mastering advanced VBA techniques, Alex transformed his daily tasks, freeing up time to focus on strategic analysis. His story is a testament to the power of learning and innovation, inspiring others to explore the vast capabilities of VBA for automation.
K23: Fill Handle Frenzy — Easy
K24: Fill the 9×9 grid so each row, column, and 3×3 box contains 1–9.
K25: 4 | L25: 9 | M25: 3 | N25: 8 | O25: 1 | P25: 2 | R25: 6
K26: 6 | N26: 9 | O26: 4 | Q26: 8 | R26: 3 | S26: 2
K27: 2 | M27: 5 | N27: 3 | P27: 7 | S27: 1
K28: 1 | M28: 2 | P28: 8 | Q28: 6 | R28: 9 | S28: 7
K29: 9 | L29: 6 | O29: 2 | Q29: 1 | R29: 5
K30: 7 | L30: 5 | M30: 4 | O30: 9 | R30: 8
K31: 8 | L31: 1 | N31: 2 | O31: 3
R32: 1
K33: 5 | O33: 8 | P33: 9 | Q33: 3 | R33: 2 | S33: 6
XX1000: 107015

Sheet N18
B2: OFFSET ORACLE
B5: All the Excel that's fit to print — formulas, pivots, and puzzles
B6: Issue 678 | AB6: December 3, 2025 — Spreadsheet City
B7: Front Page – Functions & Features | K7: Data Desk – Pivots & Power Query | T7: Automation Alley – VBA & Scripts
B8: By Liam Bastick (MVP) | K8: By Jan Karel Pieterse (MVP) | T8: By Wyn Hopkins (MVP)
B9: TROUBLESHOOTING COMMON EXCEL FUNCTION ERRORS Excel is a powerful tool used by millions worldwide, but even the most experienced users encounter errors when working with functions. Understanding these common errors and how to troubleshoot them can save time and frustration. One of the most frequent errors is the #DIV/0! error, which occurs when a formula attempts to divide by zero or an empty cell. To fix this, check the divisor in your formula and ensure it contains a valid number. Using the IFERROR function can also help by providing an alternative result when an error occurs. Another common issue is the #VALUE! error, which usually indicates that the formula has the wrong type of argument or operand. This can happen if you try to perform mathematical operations on text or mix data types improperly. Reviewing the formula and ensuring all inputs are of the correct type often resolves this error. The #REF! error appears when a formula refers to a cell that has been deleted or is invalid. This often happens after deleting rows or columns that formulas depend on. To troubleshoot, check the formula references and update them to valid cells. The #NAME? error indicates that Excel does not recognize text in the formula, often due to misspelled function names or undefined named ranges. Double-check the spelling and ensure all named ranges exist. Lastly, the #N/A error means that a value is not available to a function or formula. This is common in lookup functions like VLOOKUP when the lookup value is not found. Verifying the lookup value and the data range can help fix this. By familiarizing yourself with these common Excel function errors and their causes, you can quickly identify and resolve issues, making your spreadsheet work more efficient and error-free. | K9: POWER QUERY TIPS FOR FASTER DATA PREPARATION In the bustling world of data analysis, time is often the most precious commodity. Emma, a data analyst at a growing tech firm, found herself overwhelmed with the sheer volume of data she needed to prepare daily. Her secret weapon? Power Query. This powerful tool transformed her workflow, making data preparation faster and more efficient. Emma's first tip was to always start with a clear plan. Before diving into Power Query, she would outline the steps needed to clean and transform her data. This roadmap saved her from unnecessary detours and helped her focus on the task at hand. Next, she emphasized the importance of using the 'Remove Columns' feature early in the process. By eliminating irrelevant data upfront, Emma reduced the load on Power Query, speeding up the entire operation. She also leveraged the 'Filter Rows' function to exclude unnecessary records, further streamlining her datasets. Emma discovered that combining multiple transformation steps into a single query was a game-changer. Instead of creating separate queries for each task, she consolidated them, which minimized refresh times and simplified maintenance. Another valuable tip was to use the 'Group By' feature wisely. Emma used it to aggregate data efficiently, summarizing large datasets into meaningful insights without manual calculations. She also recommended taking advantage of Power Query's ability to connect to various data sources. By linking directly to databases, Excel files, and web data, Emma ensured her reports were always up-to-date with minimal manual intervention. To handle complex transformations, Emma learned to write custom M code snippets. This advanced technique allowed her to automate repetitive tasks and tailor solutions to unique challenges. Finally, Emma stressed the importance of documenting each step within Power Query. Clear annotations made it easier for her team to understand and modify queries, fostering collaboration and reducing errors. Through these tips, Emma transformed her data preparation process. What once took hours now took minutes, freeing her to focus on analysis and decision-making. Power Query became not just a tool, but a trusted ally in her quest for data excellence. | T9: HOW SCRIPTS AND VBA ARE TRANSFORMING DATA ENTRY In the bustling world of data management, the tedious task of manual data entry has long been a bottleneck for businesses and individuals alike. However, the advent of scripts and Visual Basic for Applications (VBA) has revolutionized this landscape, bringing efficiency and accuracy to the forefront. Scripts, often written in languages like Python or JavaScript, automate repetitive tasks that once consumed countless hours. VBA, integrated within Microsoft Office applications, empowers users to create custom macros that streamline workflows directly within familiar environments like Excel and Access. Consider a small business owner who spends hours inputting sales data into spreadsheets. With VBA, they can automate the import of data from various sources, validate entries to prevent errors, and generate reports with a single click. This not only saves time but also reduces the risk of human error, ensuring that decisions are based on reliable information. Moreover, scripts and VBA enable dynamic data manipulation. Users can write code to clean datasets, transform formats, and even integrate data from multiple platforms seamlessly. This flexibility allows for more sophisticated analysis and better insights. The transformation extends beyond efficiency. By automating mundane tasks, employees can focus on higher-value activities such as data analysis and strategic planning. This shift enhances job satisfaction and drives innovation within organizations. Educational institutions have also embraced these tools, teaching students how to harness automation for data tasks. This prepares the next generation for a data-driven world where proficiency in scripting and VBA is a valuable asset. In essence, scripts and VBA have turned data entry from a laborious chore into a streamlined process. They bridge the gap between raw data and actionable intelligence, empowering users to work smarter, not harder. As technology continues to evolve, the role of automation in data entry will only grow, heralding a new era of productivity and precision.
T23: Named Range Riddle — Medium
T24: Fill the 9×9 grid so each row, column, and 3×3 box contains 1–9.
T25: 4 | Y25: 3 | AA25: 6
T26: 1 | U26: 6 | W26: 4 | Z26: 3 | AA26: 8
V27: 3 | X27: 6 | Y27: 9 | Z27: 2 | AA27: 7
T28: 6 | U28: 9 | V28: 5 | W28: 7 | Y28: 1 | Z28: 4 | AB28: 8
T29: 7 | Y29: 4 | Z29: 5 | AA29: 9
T30: 8 | V30: 4 | W30: 6 | Y30: 5 | AA30: 2 | AB30: 7
U31: 4 | X31: 5 | Y31: 8 | Z31: 6
T32: 9 | U32: 5 | X32: 1 | Z32: 7
T33: 2 | U33: 1 | V33: 6 | W33: 3 | Y33: 7 | AA33: 5 | AB33: 9
XX1000: 107015

Sheet N19
B2: SORT & FILTER SUN
B5: All the Excel that's fit to print — formulas, pivots, and puzzles
B6: Issue 722 | AB6: December 3, 2025 — Spreadsheet City
B7: Table Talk Sudoku — Easy | K7: Data Desk – Pivots & Power Query | T7: Automation Alley – VBA & Scripts
B8: Fill the 9×9 grid so each row, column, and 3×3 box contains 1–9. | K8: By Charles Williams (MVP) | T8: By Debra Dalgleish (MVP)
E9: 1 | F9: 8 | G9: 2 | I9: 3 | J9: 9 | K9: UNLOCKING HIDDEN PATTERNS WITH PIVOT TABLES AND POWER QUERY In the bustling world of data analysis, Emma was a young analyst eager to uncover insights hidden within vast datasets. Her company had recently migrated to a new data platform, and with it came an overwhelming amount of information waiting to be explored. Emma knew that traditional methods of sifting through rows and columns would not suffice. She needed powerful tools to unlock the secrets buried deep within the numbers. One day, Emma discovered the magic of Pivot Tables. With just a few clicks, she could summarize thousands of rows into meaningful summaries. She began by dragging fields into rows and columns, instantly revealing trends and comparisons that were previously invisible. The ability to slice and dice data dynamically allowed her to ask questions and get answers in real time. However, Emma soon realized that her raw data was messy and inconsistent. This is when she turned to Power Query, a tool designed to clean, transform, and prepare data before analysis. With Power Query, she automated the process of removing duplicates, splitting columns, and merging datasets from different sources. This not only saved her hours of manual work but also ensured that her analyses were based on accurate and reliable data. Combining Pivot Tables with Power Query, Emma unlocked hidden patterns that transformed her company’s decision-making. She identified seasonal sales trends, customer preferences, and operational bottlenecks. Her reports became more insightful, enabling managers to strategize effectively. Emma’s journey showed that mastering these tools was not just about handling data but about storytelling through numbers. By unlocking hidden patterns, she empowered her organization to make smarter, data-driven choices. The once overwhelming datasets became a treasure trove of knowledge, all thanks to the power of Pivot Tables and Power Query. | T9: THE IMPACT OF VBA ON SMALL BUSINESS OPERATIONS In the bustling world of small businesses, efficiency and adaptability often determine success. Among the many tools that have quietly revolutionized operations, Visual Basic for Applications (VBA) stands out as a game-changer. This programming language, embedded within Microsoft Office applications, has empowered small business owners to automate repetitive tasks, streamline workflows, and make data-driven decisions without the need for expensive software solutions. Take, for example, a local retail store struggling to manage its inventory and sales reports manually. Before VBA, employees spent hours each week entering data into spreadsheets, cross-referencing stock levels, and generating sales summaries. Mistakes were common, and valuable time was lost. With the introduction of VBA macros, the store owner was able to automate these processes. A single click now updates inventory counts, flags low-stock items, and produces comprehensive sales reports. This automation not only saved time but also reduced errors, allowing staff to focus on customer service and growth strategies. Moreover, VBA's flexibility means it can be tailored to the unique needs of various small businesses. From invoicing systems to appointment scheduling, VBA scripts can be customized to handle specific tasks, eliminating the need for costly third-party software. This adaptability is particularly beneficial for startups and small enterprises operating on tight budgets. The impact of VBA extends beyond mere automation. It fosters a culture of innovation within small businesses. Employees who learn to write and modify VBA code gain valuable skills, enhancing their problem-solving abilities and contributing to continuous improvement. This empowerment leads to more efficient operations and a competitive edge in the marketplace. However, the journey to harnessing VBA's full potential is not without challenges. Small business owners must invest time in learning the basics or seek assistance from knowledgeable individuals. Despite this initial hurdle, the long-term benefits of increased productivity and operational control make the effort worthwhile. In conclusion, VBA has significantly influenced small business operations by providing accessible automation tools that improve efficiency, accuracy, and adaptability. Its role in transforming everyday tasks into streamlined processes exemplifies how technology can level the playing field, enabling small businesses to thrive in an increasingly competitive environment.
D10: 9 | E10: 3 | F10: 6 | G10: 4 | J10: 7
D11: 3 | H11: 8
C12: 9 | E12: 2 | H12: 1
B13: 3 | C13: 7 | D13: 2 | E13: 6 | F13: 1 | G13: 5 | H13: 9 | I13: 4 | J13: 8
B14: 6 | D14: 4 | I14: 7 | J14: 2
B15: 9 | C15: 3 | E15: 7 | F15: 2 | G15: 1 | H15: 4 | J15: 5
C16: 2 | D16: 8 | E16: 4 | F16: 5 | G16: 6 | H16: 3
B17: 4 | C17: 5 | D17: 1 | F17: 9 | H17: 7
B18: Front Page – Functions & Features
B19: By Leila Gharani (MVP)
B20: THE FUTURE OF EXCEL: NEW FEATURES TO WATCH OUT FOR In the ever-evolving world of technology, Excel remains a cornerstone for data analysis, financial modeling, and everyday calculations. As we look ahead, the future of Excel promises exciting new features that will transform how users interact with spreadsheets. One of the most anticipated advancements is the integration of artificial intelligence, enabling Excel to offer predictive analytics and automated insights. Imagine a spreadsheet that not only organizes your data but also suggests trends, forecasts outcomes, and highlights anomalies without manual input. Another groundbreaking feature on the horizon is enhanced collaboration tools. While Excel already supports sharing and co-authoring, future updates aim to make real-time collaboration seamless across devices and platforms. Users will be able to work simultaneously on complex models with instant updates, comments, and version control, fostering teamwork and reducing errors. Data visualization is also set to receive a significant boost. Upcoming versions of Excel will introduce more dynamic and interactive charting options, allowing users to create compelling visual stories from their data. These visualizations will be easier to customize and share, making data interpretation accessible to a broader audience. Moreover, Excel's integration with cloud services will deepen, providing users with greater flexibility and security. Cloud-based features will enable automatic backups, cross-device synchronization, and access to powerful computational resources, ensuring that even the most demanding tasks are handled efficiently. Finally, the user interface is expected to become more intuitive, with personalized dashboards and smart templates tailored to individual workflows. This customization will help users save time and increase productivity by streamlining common tasks and reducing the learning curve for new features. In summary, the future of Excel is bright, with innovations that will empower users to work smarter, collaborate better, and gain deeper insights from their data. Staying informed about these developments will help professionals and enthusiasts alike harness the full potential of this indispensable tool.
XX1000: 107015

Sheet N20
B2: XLOOKUP EXAMINER
B5: All the Excel that's fit to print — formulas, pivots, and puzzles
B6: Issue 744 | AB6: December 3, 2025 — Spreadsheet City
B7: Front Page – Functions & Features | K7: Calculated Column Conundrum — Medium | T7: Automation Alley – VBA & Scripts
B8: By Chris Webb (MVP) | K8: Fill the 9×9 grid so each row, column, and 3×3 box contains 1–9. | T8: By Mynda Treacy (MVP)
B9: THE FUTURE OF EXCEL: NEW FEATURES TO WATCH OUT FOR In the ever-evolving world of technology, Excel remains a cornerstone for data analysis, financial modeling, and everyday calculations. As we look ahead, the future of Excel promises exciting new features that will transform how users interact with spreadsheets. One of the most anticipated advancements is the integration of artificial intelligence, enabling Excel to offer predictive analytics and automated insights. Imagine a spreadsheet that not only organizes your data but also suggests trends, forecasts outcomes, and highlights anomalies without manual input. Another groundbreaking feature on the horizon is enhanced collaboration tools. While Excel already supports sharing and co-authoring, future updates aim to make real-time collaboration seamless across devices and platforms. Users will be able to work simultaneously on complex models with instant updates, comments, and version control, fostering teamwork and reducing errors. Data visualization is also set to receive a significant boost. Upcoming versions of Excel will introduce more dynamic and interactive charting options, allowing users to create compelling visual stories from their data. These visualizations will be easier to customize and share, making data interpretation accessible to a broader audience. Moreover, Excel's integration with cloud services will deepen, providing users with greater flexibility and security. Cloud-based features will enable automatic backups, cross-device synchronization, and access to powerful computational resources, ensuring that even the most demanding tasks are handled efficiently. Finally, the user interface is expected to become more intuitive, with personalized dashboards and smart templates tailored to individual workflows. This customization will help users save time and increase productivity by streamlining common tasks and reducing the learning curve for new features. In summary, the future of Excel is bright, with innovations that will empower users to work smarter, collaborate better, and gain deeper insights from their data. Staying informed about these developments will help professionals and enthusiasts alike harness the full potential of this indispensable tool. | L9: 2 | N9: 6 | O9: 8 | S9: 5 | T9: VBA AND SCRIPTS: BRIDGING THE GAP BETWEEN USERS AND DATA In the bustling world of data management, users often find themselves overwhelmed by the sheer volume and complexity of information. Enter VBA and scripts, the unsung heroes that bridge the gap between users and their data, transforming chaos into clarity. Once upon a time, in a mid-sized company, employees struggled daily with repetitive tasks—manually sorting data, generating reports, and updating records. The process was tedious, error-prone, and time-consuming. Recognizing the need for efficiency, the company's IT specialist introduced VBA (Visual Basic for Applications) and scripting solutions. With VBA, users could automate routine tasks within familiar applications like Excel. Scripts acted as invisible assistants, tirelessly executing commands that once took hours. For instance, a sales report that previously required manual compilation could now be generated with a single click, pulling data from multiple sources and presenting it in a clear, concise format. The transformation was remarkable. Employees regained precious time, allowing them to focus on analysis and decision-making rather than data wrangling. Moreover, the automation reduced errors, ensuring that reports were accurate and reliable. Beyond efficiency, VBA and scripts empowered users to customize their workflows. No longer confined to rigid software functionalities, they could tailor processes to their unique needs. This adaptability fostered innovation and a deeper understanding of the data itself. However, the journey wasn't without challenges. Learning to write and maintain scripts required training and a shift in mindset. Collaboration between IT professionals and end-users became essential to develop effective solutions that truly addressed business needs. In the end, VBA and scripts didn't just automate tasks—they bridged the divide between raw data and actionable insight. They transformed users from passive recipients of information into active participants in data-driven decision-making, proving that technology, when harnessed thoughtfully, can empower and elevate human potential.
M10: 8 | O10: 5 | Q10: 9 | S10: 1
K11: 4 | L11: 3 | M11: 5 | N11: 9 | O11: 1 | P11: 2 | S11: 8
L12: 4 | N12: 1 | O12: 7 | S12: 3
Q13: 1 | R13: 9 | S13: 7
K14: 1 | N14: 8
K15: 3 | L15: 8 | M15: 4 | N15: 2 | O15: 9 | Q15: 7 | R15: 1 | S15: 6
L16: 1 | O16: 4 | Q16: 2 | R16: 5 | S16: 9
K17: 2 | L17: 5 | P17: 1 | R17: 8 | S17: 4
K18: Data Desk – Pivots & Power Query
K19: By Ken Puls (MVP)
K20: EXCEL POWER QUERY: A GAME CHANGER FOR DATA ANALYSTS In the bustling world of data analysis, where numbers and insights dictate decisions, a new hero emerged: Excel Power Query. For years, analysts grappled with tedious data cleaning, endless manual transformations, and the constant fear of errors creeping into their reports. But Power Query changed the game entirely. Emma, a seasoned data analyst, had always relied on traditional Excel functions and VBA macros to manage her datasets. While effective, these methods were time-consuming and often required repetitive work whenever new data arrived. One day, a colleague introduced her to Power Query, a tool embedded within Excel designed to simplify data importation, transformation, and automation. Curious, Emma decided to explore this new feature. She discovered that Power Query allowed her to connect to various data sources effortlessly—be it databases, CSV files, or web pages. More importantly, it provided a user-friendly interface to clean and reshape data without writing complex code. Tasks that once took hours could now be completed in minutes. Emma began using Power Query to automate her monthly sales reports. Instead of manually copying and pasting data, she set up queries that refreshed with a single click, pulling the latest figures and applying consistent transformations. This not only saved her time but also reduced errors, ensuring her reports were accurate and reliable. As Emma mastered Power Query, she realized its potential extended beyond her own work. She shared her knowledge with her team, transforming their workflow and boosting overall productivity. The team could now focus more on analyzing insights rather than wrestling with data preparation. Power Query also fostered collaboration. Queries could be shared and reused, creating standardized processes across departments. This consistency improved data governance and made audits smoother. In the ever-evolving landscape of data analytics, tools like Excel Power Query empower professionals to work smarter, not harder. For Emma and countless analysts like her, it truly was a game changer—turning complex data challenges into streamlined solutions and unlocking new possibilities for informed decision-making.
XX1000: 107015

Sheet Graded Answers
B1: Your Answers
B2: Game # | C2: Answer | D2: Points
B3: Bonus 1 | C3: =IF(ISBLANK(Case!E28),"",Case!E28) | D3: 50
B4: Bonus 2 | C4: =IF(ISBLANK(Case!E29),"",Case!E29) | D4: 50
B5: Bonus 3 | C5: =IF(ISBLANK(Case!E30),"",Case!E30) | D5: 50
B6: Bonus 4 | C6: =IF(ISBLANK(Case!E31),"",Case!E31) | D6: 50
B7: Bonus 5 | C7: =IF(ISBLANK(Case!E32),"",Case!E32) | D7: 50
B8: 1 | C8: =IF(ISBLANK(Case!E53),"",Case!E53) | D8: 5
B9: =B8+1 -> 2 | C9: =IF(ISBLANK(Case!E54),"",Case!E54) | D9: 5
B10: =B9+1 -> 3 | C10: =IF(ISBLANK(Case!E55),"",Case!E55) | D10: 5
B11: =B10+1 -> 4 | C11: =IF(ISBLANK(Case!E56),"",Case!E56) | D11: 5
B12: =B11+1 -> 5 | C12: =IF(ISBLANK(Case!E57),"",Case!E57) | D12: 5
B13: =B12+1 -> 6 | C13: =IF(ISBLANK(Case!E58),"",Case!E58) | D13: 5
B14: =B13+1 -> 7 | C14: =IF(ISBLANK(Case!E59),"",Case!E59) | D14: 5
B15: =B14+1 -> 8 | C15: =IF(ISBLANK(Case!E60),"",Case!E60) | D15: 5
B16: =B15+1 -> 9 | C16: =IF(ISBLANK(Case!E61),"",Case!E61) | D16: 5
B17: =B16+1 -> 10 | C17: =IF(ISBLANK(Case!E62),"",Case!E62) | D17: 5
B18: =B17+1 -> 11 | C18: =IF(ISBLANK(Case!E63),"",Case!E63) | D18: 5
B19: =B18+1 -> 12 | C19: =IF(ISBLANK(Case!E64),"",Case!E64) | D19: 5
B20: =B19+1 -> 13 | C20: =IF(ISBLANK(Case!E65),"",Case!E65) | D20: 5
... B27: =B26+1 -> 20 | C27: =IF(ISBLANK(Case!E72),"",Case!E72) | D27: 5
B28: =B27+1 -> 21 | C28: =IF(ISBLANK(Case!E93),"",Case!E93) | D28: 5
B29: =B28+1 -> 22 | C29: =IF(ISBLANK(Case!E94),"",Case!E94) | D29: 5
B30: =B29+1 -> 23 | C30: =IF(ISBLANK(Case!E95),"",Case!E95) | D30: 5
B31: =B30+1 -> 24 | C31: =IF(ISBLANK(Case!E96),"",Case!E96) | D31: 5
B32: =B31+1 -> 25 | C32: =IF(ISBLANK(Case!E97),"",Case!E97) | D32: 5
B33: =B32+1 -> 26 | C33: =IF(ISBLANK(Case!E98),"",Case!E98) | D33: 5
B34: =B33+1 -> 27 | C34: =IF(ISBLANK(Case!E99),"",Case!E99) | D34: 5
B35: =B34+1 -> 28 | C35: =IF(ISBLANK(Case!E100),"",Case!E100) | D35: 5
B36: =B35+1 -> 29 | C36: =IF(ISBLANK(Case!E101),"",Case!E101) | D36: 5
B37: =B36+1 -> 30 | C37: =IF(ISBLANK(Case!E102),"",Case!E102) | D37: 5
B38: =B37+1 -> 31 | C38: =IF(ISBLANK(Case!E103),"",Case!E103) | D38: 5
B39: =B38+1 -> 32 | C39: =IF(ISBLANK(Case!E104),"",Case!E104) | D39: 5
... B47: =B46+1 -> 40 | C47: =IF(ISBLANK(Case!E112),"",Case!E112) | D47: 5
B48: =B47+1 -> 41 | C48: =IF(ISBLANK(Case!E130),"",Case!E130) | D48: 6
B49: =B48+1 -> 42 | C49: =IF(ISBLANK(Case!E131),"",Case!E131) | D49: 6
B50: =B49+1 -> 43 | C50: =IF(ISBLANK(Case!E132),"",Case!E132) | D50: 6
B51: =B50+1 -> 44 | C51: =IF(ISBLANK(Case!E133),"",Case!E133) | D51: 6
B52: =B51+1 -> 45 | C52: =IF(ISBLANK(Case!E134),"",Case!E134) | D52: 6
B53: =B52+1 -> 46 | C53: =IF(ISBLANK(Case!E135),"",Case!E135) | D53: 6
B54: =B53+1 -> 47 | C54: =IF(ISBLANK(Case!E136),"",Case!E136) | D54: 6
B55: =B54+1 -> 48 | C55: =IF(ISBLANK(Case!E137),"",Case!E137) | D55: 6
B56: =B55+1 -> 49 | C56: =IF(ISBLANK(Case!E138),"",Case!E138) | D56: 6
B57: =B56+1 -> 50 | C57: =IF(ISBLANK(Case!E139),"",Case!E139) | D57: 6
B58: =B57+1 -> 51 | C58: =IF(ISBLANK(Case!E140),"",Case!E140) | D58: 6
B59: =B58+1 -> 52 | C59: =IF(ISBLANK(Case!E141),"",Case!E141) | D59: 6
... B67: =B66+1 -> 60 | C67: =IF(ISBLANK(Case!E149),"",Case!E149) | D67: 6
B68: =B67+1 -> 61 | C68: =IF(ISBLANK(Case!E167),"",Case!E167) | D68: 7
B69: =B68+1 -> 62 | C69: =IF(ISBLANK(Case!E168),"",Case!E168) | D69: 7
B70: =B69+1 -> 63 | C70: =IF(ISBLANK(Case!E169),"",Case!E169) | D70: 7
B71: =B70+1 -> 64 | C71: =IF(ISBLANK(Case!E170),"",Case!E170) | D71: 7
B72: =B71+1 -> 65 | C72: =IF(ISBLANK(Case!E171),"",Case!E171) | D72: 7
B73: =B72+1 -> 66 | C73: =IF(ISBLANK(Case!E172),"",Case!E172) | D73: 7
B74: =B73+1 -> 67 | C74: =IF(ISBLANK(Case!E173),"",Case!E173) | D74: 7
B75: =B74+1 -> 68 | C75: =IF(ISBLANK(Case!E174),"",Case!E174) | D75: 7
B76: =B75+1 -> 69 | C76: =IF(ISBLANK(Case!E175),"",Case!E175) | D76: 7
B77: =B76+1 -> 70 | C77: =IF(ISBLANK(Case!E176),"",Case!E176) | D77: 7
B78: =B77+1 -> 71 | C78: =IF(ISBLANK(Case!E177),"",Case!E177) | D78: 7
B79: =B78+1 -> 72 | C79: =IF(ISBLANK(Case!E178),"",Case!E178) | D79: 7
... B87: =B86+1 -> 80 | C87: =IF(ISBLANK(Case!E186),"",Case!E186) | D87: 7
B88: =B87+1 -> 81 | C88: =IF(ISBLANK(Case!E208),"",Case!E208) | D88: 8
B89: =B88+1 -> 82 | C89: =IF(ISBLANK(Case!E209),"",Case!E209) | D89: 8
B90: =B89+1 -> 83 | C90: =IF(ISBLANK(Case!E210),"",Case!E210) | D90: 8
B91: =B90+1 -> 84 | C91: =IF(ISBLANK(Case!E211),"",Case!E211) | D91: 8
B92: =B91+1 -> 85 | C92: =IF(ISBLANK(Case!E212),"",Case!E212) | D92: 8
B93: =B92+1 -> 86 | C93: =IF(ISBLANK(Case!E213),"",Case!E213) | D93: 8
B94: =B93+1 -> 87 | C94: =IF(ISBLANK(Case!E214),"",Case!E214) | D94: 8
B95: =B94+1 -> 88 | C95: =IF(ISBLANK(Case!E215),"",Case!E215) | D95: 8
B96: =B95+1 -> 89 | C96: =IF(ISBLANK(Case!E216),"",Case!E216) | D96: 8
B97: =B96+1 -> 90 | C97: =IF(ISBLANK(Case!E217),"",Case!E217) | D97: 8
B98: =B97+1 -> 91 | C98: =IF(ISBLANK(Case!E218),"",Case!E218) | D98: 8
B99: =B98+1 -> 92 | C99: =IF(ISBLANK(Case!E219),"",Case!E219) | D99: 8
... B107: =B106+1 -> 100 | C107: =IF(ISBLANK(Case!E227),"",Case!E227) | D107: 8
B108: =B107+1 -> 101 | C108: =IF(ISBLANK(Case!E248),"",Case!E248) | D108: 9
B109: =B108+1 -> 102 | C109: =IF(ISBLANK(Case!E249),"",Case!E249) | D109: 9
B110: =B109+1 -> 103 | C110: =IF(ISBLANK(Case!E250),"",Case!E250) | D110: 9
B111: =B110+1 -> 104 | C111: =IF(ISBLANK(Case!E251),"",Case!E251) | D111: 9
B112: =B111+1 -> 105 | C112: =IF(ISBLANK(Case!E252),"",Case!E252) | D112: 9
B113: =B112+1 -> 106 | C113: =IF(ISBLANK(Case!E253),"",Case!E253) | D113: 9
B114: =B113+1 -> 107 | C114: =IF(ISBLANK(Case!E254),"",Case!E254) | D114: 9
B115: =B114+1 -> 108 | C115: =IF(ISBLANK(Case!E255),"",Case!E255) | D115: 9
B116: =B115+1 -> 109 | C116: =IF(ISBLANK(Case!E256),"",Case!E256) | D116: 9
B117: =B116+1 -> 110 | C117: =IF(ISBLANK(Case!E257),"",Case!E257) | D117: 9
B118: =B117+1 -> 111 | C118: =IF(ISBLANK(Case!E258),"",Case!E258) | D118: 9
B119: =B118+1 -> 112 | C119: =IF(ISBLANK(Case!E259),"",Case!E259) | D119: 9
... B127: =B126+1 -> 120 | C127: =IF(ISBLANK(Case!E267),"",Case!E267) | D127: 9
B128: =B127+1 -> 121 | C128: =IF(ISBLANK(Case!E289),"",Case!E289) | D128: 10
B129: =B128+1 -> 122 | C129: =IF(ISBLANK(Case!E290),"",Case!E290) | D129: 10
B130: =B129+1 -> 123 | C130: =IF(ISBLANK(Case!E291),"",Case!E291) | D130: 10
B131: =B130+1 -> 124 | C131: =IF(ISBLANK(Case!E292),"",Case!E292) | D131: 10
B132: =B131+1 -> 125 | C132: =IF(ISBLANK(Case!E293),"",Case!E293) | D132: 10
B133: =B132+1 -> 126 | C133: =IF(ISBLANK(Case!E294),"",Case!E294) | D133: 10
B134: =B133+1 -> 127 | C134: =IF(ISBLANK(Case!E295),"",Case!E295) | D134: 10
B135: =B134+1 -> 128 | C135: =IF(ISBLANK(Case!E296),"",Case!E296) | D135: 10
B136: =B135+1 -> 129 | C136: =IF(ISBLANK(Case!E297),"",Case!E297) | D136: 10
B137: =B136+1 -> 130 | C137: =IF(ISBLANK(Case!E298),"",Case!E298) | D137: 10
B138: =B137+1 -> 131 | C138: =IF(ISBLANK(Case!E299),"",Case!E299) | D138: 10
B139: =B138+1 -> 132 | C139: =IF(ISBLANK(Case!E300),"",Case!E300) | D139: 10
... B147: =B146+1 -> 140 | C147: =IF(ISBLANK(Case!E308),"",Case!E308) | D147: 10
